 Dungeon Crawl Stone Soup version 0.32-a0-350-g4f4d228785 (webtiles) character file.

Game seed: 10687984872227222800

13559286 Asceticacid the Sabretooth (level 27, 156/156 HPs)
             Began as a Felid Berserker on Feb 17, 2024.
             Was a Priest of Makhleb.
             Escaped with the Orb
             ... and 14 runes!
             The game lasted 04:01:59 (102341 turns).

Asceticacid the Sabretooth (Felid Berserker)      Turns: 102341, Time: 04:01:59

Health: 156/156    AC: 15    Str: 21    XL:     27
Magic:  53/53      EV: 64    Int: 14    God:    Makhleb [***...]
Gold:   11651      SH:  0    Dex: 16    Spells: 48/68 levels left
                                        Lives:  1   Deaths: 8

rFire   + +          .
                       - Unarmed
rCold   + . .        (shield unavailable)
rNeg    . . .        (body armour unavailable)
rPois   ∞            (helmet unavailable)
rElec   +            (cloak unavailable)
rCorr   .            (gloves unavailable)
SInv    +            (boots unavailable)
Will    +++++        f - amulet "Zitredd" {Acrobat rC+ Regen+}
Stlth   ++++         V - ring of Creativity {rF+ Will+ MP+9 Int+4 Dex-5}
HPRegen 1.26/turn    Z - ring "Uraiz" {rF+ Str+6}
MPRegen 0.33/turn

%: acrobat
@: storm-form, flying, studying Necromancy
A: cleaving, insubstantial, flying, very small, (claws 1), (fangs 3), see
invisible, (shaggy fur 3), (stealthy paws), no weapons or thrown items, no
armour, multi-lived, clumsy 2, dopey 1, frail 1, low MP 1, teleportitis 1, weak
1, inability to drink after injury 1, inability to read after injury 1,
persistent drain
0: Orb of Zot
}: 14/15 runes: barnacled, slimy, silver, golden, iron, obsidian, bone, abyssal,
demonic, glowing, magical, fiery, dark, gossamer
a: Blinkbolt, Begin Untransformation, Renounce Religion, Minor Destruction,
Lesser Servant of Makhleb


You escaped.
You worshipped Makhleb.
Makhleb was most pleased with you.
You were a lightning-filled tempest!
You visited 17 branches of the dungeon, and saw 81 of its levels.
You visited Pandemonium 3 times, and saw 20 of its levels.
You visited the Abyss 7 times.
You visited 1 bazaar.
You visited 1 ziggurat, and saw 6 of its levels.
You also visited: Bailey, Gauntlet, Ice Cave and Desolation.

You collected 17467 gold pieces.
You spent 4478 gold pieces at shops.
You donated 1338 gold pieces to Zin.

Inventory:

Jewellery
 a - the ring "Acurab" {AC+4 Dex+6}
   (You acquired it on level 5 of the Realm of Zot)

   [ring of protection]

   AC+4:      It affects your AC (+4).
   Dex+6:     It affects your dexterity (+6).
 f - the amulet "Zitredd" (around neck) {Acrobat rC+ Regen+}
   (You found it on level 5 of the Pits of Slime)

   [amulet of the acrobat]

   Acrobat:   It increases your evasion while moving and waiting.
   rC+:       It protects you from cold.
   Regen+:    It increases your rate of health regeneration.
 v - a ring of flight
 F - the ring "Xoplopt" {+Blink rC+ MP+9 Int+4}
   (You found it on level 7 of Tartarus)

   [ring of magical power]

   Int+4:     It affects your intelligence (+4).
   rC+:       It protects you from cold.
   MP+9:      It affects your magic capacity (+9).
   +Blink:    It lets you blink.
 K - a +5 ring of evasion
 R - the ring of Hewanwaf {EV+5 Dex+5}
   (You found it in the Desolation of Salt)

   [ring of evasion]

   EV+5:      It affects your evasion (+5).
   Dex+5:     It affects your dexterity (+5).
 S - a +6 ring of dexterity
 V - the ring of Creativity (left paw) {rF+ Will+ MP+9 Int+4 Dex-5}
   (You found it in the Desolation of Salt)

   [ring of protection from fire]

   Int+4:     It affects your intelligence (+4).
   Dex-5:     It affects your dexterity (-5).
   rF+:       It protects you from fire.
   Will+:     It increases your willpower.
   MP+9:      It affects your magic capacity (+9).
 W - the ring of the Equinox {rC+ rCorr Int+6 Stlth+}
   (You found it on level 5 of the Vaults)

   [ring of intelligence]

   Int+6:     It affects your intelligence (+6).
   rC+:       It protects you from cold.
   rCorr:     It protects you from acid and corrosion.
   Stlth+:    It makes you more stealthy.
 Z - the ring "Uraiz" (right paw) {rF+ Str+6}
   (You found it in the Desolation of Salt)

   [ring of strength]

   Str+6:     It affects your strength (+6).
   rF+:       It protects you from fire.
Talismans
 I - a dragon-blood talisman
 J - a storm talisman (active)
 T - a granite talisman
Wands
 n - a wand of digging (13)
 p - a wand of charming (105)
 t - a wand of mindburst (88)
 w - a wand of roots (52)
 x - a wand of flame (134)
 H - a wand of acid (42)
 Q - a wand of polymorph (43)
Scrolls
 b - 9 scrolls of silence
 c - 6 scrolls of vulnerability
 e - 17 scrolls of immolation
 i - 7 scrolls of revelation
 o - 22 scrolls of teleportation
 u - 2 scrolls of torment
 y - 2 scrolls of blinking
 z - 5 scrolls of butterflies
 A - 9 scrolls of fog
 C - 8 scrolls of fear
 E - 15 scrolls of poison
Potions
 d - 34 potions of curing
 g - 13 potions of brilliance
 h - 20 potions of ambrosia
 j - 4 potions of haste
 l - 9 potions of might
 m - 15 potions of resistance
 q - 7 potions of attraction
 r - 9 potions of invisibility
 s - 22 potions of enlightenment
 B - 7 potions of berserk rage
 D - 6 potions of lignification
 L - 10 potions of degeneration
 M - 7 potions of cancellation
 N - a potion of mutation
 X - 4 potions of magic
Miscellaneous
 k - a phial of floods
 G - a phantom mirror
 P - a lightning rod (4/4)
 U - a sack of spiders
 Y - the horn of Geryon


   Skills:
 O Level 27 Fighting
 O Level 27 Dodging
 O Level 27 Stealth
 O Level 27 Unarmed Combat
 + Level 21.2 Spellcasting
 O Level 27 Invocations
 O Level 27 Evocations
 O Level 27 Shapeshifting


You had 48 spell levels left.
You knew the following spells:

 Your Spells              Type           Power      Damage    Failure   Level
a - Manifold Assault      Tloc           14%        N/A       32%         4
b - Maxwell's Capacitive  Air            7%         ∞         100%        8
c - Ignition              Fire           7%         3d4       100%        8

Your spell library contained the following spells:

 Spells                   Type           Power      Damage    Failure   Level
 Foxfire                  Conj/Fire      56%        2x1d6     3%          1
 Freeze                   Ice            56%        1d7       3%          1
 Kiss of Death            Conj/Necr      56%        2d9       3%          1
 Magic Dart               Conj           56%        1d5       3%          1
 Necrotise                Necr           56%        1d6       3%          1
 Sandblast                Erth           28%        2d8       3%          1
 Shock                    Conj/Air       56%        1d6       3%          1
 Slow                     Hex            56%        N/A       3%          1
 Sting                    Conj/Alch      56%        1d6       3%          1
 Call Imp                 Summ           28%        N/A       4%          2
 Cigotuvi's Dreadful Rot  Necr/Alch/Air  28%        N/A       4%          2
 Ensorcelled Hibernation  Hex/Ice        28%        N/A       4%          2
 Lesser Beckoning         Tloc           28%        N/A       4%          2
 Mercury Vapours          Alch/Air       28%        N/A       4%          2
 Scorch                   Fire           28%        2d6       4%          2
 Searing Ray              Conj           28%        2d5       4%          2
 Static Discharge         Conj/Air       28%        3-5/arc   4%          2
 Call Canine Familiar     Summ           14%        N/A       10%         3
 Confusing Touch          Hex            14%        N/A       10%         3
 Dazzling Flash           Conj/Hex       28%        N/A       10%         3
 Frozen Ramparts          Ice            28%        1d5       10%         3
 Gell's Gravitas          Tloc           14%        N/A       10%         3
 Hailstorm                Conj/Ice       14%        3d6       10%         3
 Inner Flame              Hex/Fire       14%        N/A       10%         3
 Mephitic Cloud           Conj/Alch/Air  14%        N/A       10%         3
 Passwall                 Erth           14%        N/A       10%         3
 Sigil of Binding         Hex            14%        N/A       10%         3
 Stone Arrow              Conj/Erth      28%        3d8       10%         3
 Summon Ice Beast         Ice/Summ       14%        N/A       10%         3
 Swiftness                Air            14%        N/A       10%         3
 Teleport Other           Tloc           14%        N/A       10%         3
 Tukima's Dance           Hex            14%        N/A       10%         3
 Vampiric Draining        Necr           14%        2d7       10%         3
 Volatile Blastmotes      Fire/Tloc      28%        2d12      10%         3
 Airstrike                Air            7%         2d(1-17)  32%         4
 Anguish                  Hex/Necr       7%         N/A       32%         4
 Animate Dead             Necr           14%        N/A       32%         4
 Brom's Barrelling Bould  Conj/Erth      14%        2d4       32%         4
 Cause Fear               Hex            7%         N/A       32%         4
 Dispel Undead            Necr           14%        3d10      32%         4
 Flame Wave               Conj/Fire      14%        2d6       32%         4
 Fulminant Prism          Conj/Alch      7%         3d7       32%         4
 Ignite Poison            Fire/Alch      14%        N/A       32%         4
 Iskenderun's Mystic Bla  Conj/Tloc      14%        2d5       32%         4
 Leda's Liquefaction      Alch/Erth      7%         N/A       32%         4
 Martyr's Knell           Necr/Summ      14%        N/A       32%         4
 Olgreb's Toxic Radiance  Alch           14%        N/A       32%         4
 Passage of Golubria      Tloc           14%        N/A       32%         4
 Petrify                  Alch/Erth      14%        N/A       32%         4
 Sticky Flame             Fire/Alch      14%        2d5       32%         4
 Summon Lightning Spire   Summ/Air       14%        N/A       32%         4
 Borgnjor's Vile Clutch   Necr/Erth      7%         N/A       67%         5
 Fireball                 Conj/Fire      7%         3d5       67%         5
 Freezing Cloud           Conj/Ice/Air   7%         6-21      67%         5
 Irradiate                Conj/Alch      7%         3d14      67%         5
 Iskenderun's Battlesphe  Conj           14%        2d7       67%         5
 Lee's Rapid Deconstruct  Erth           7%         3d6*      67%         5
 Metabolic Englaciation   Hex/Ice        7%         N/A       67%         5
 Silence                  Hex/Air        7%         N/A       67%         5
 Summon Forest            Summ/Tloc      7%         N/A       67%         5
 Summon Mana Viper        Hex/Summ       14%        N/A       67%         5
 Yara's Violent Unravell  Hex/Alch       7%         3d5       67%         5
 Conjure Ball Lightning   Conj/Air       7%         3x3d6     99%         6
 Death Channel            Necr           7%         N/A       99%         6
 Dispersal                Tloc           7%         N/A       99%         6
 Sculpt Simulacrum        Ice/Alch       7%         N/A       99%         6
 Starburst                Conj/Fire      7%         6d4       99%         6
 Summon Cactus Giant      Summ           7%         N/A       99%         6
 Monstrous Menagerie      Summ           7%         N/A       100%        7
 Orb of Destruction       Conj           7%         9d6       100%        7
 Ozocubu's Refrigeration  Ice            7%         4d9       100%        7
 Summon Hydra             Summ           7%         N/A       100%        7
 Borgnjor's Revivificati  Necr           7%         N/A       100%        8
 Disjunction              Tloc           7%         N/A       100%        8
 Lehudib's Crystal Spear  Conj/Erth      7%         10d3      100%        8
 Dragon's Call            Summ           7%         N/A       100%        9
 Polar Vortex             Ice            7%         N/A       100%        9
 Sublimation of Blood     Necr           Unusable   N/A       N/A         2
 Animate Armour           Summ/Erth      Unusable   N/A       N/A         4
 Dimensional Bullseye     Hex/Tloc       Unusable   N/A       N/A         4

Dungeon Overview and Level Annotations

Branches:
Dungeon (15/15)            Temple (0/1) D:7            Lair (5/5) D:8
 Shoals (4/4) Lair:3       Spider (4/4) Lair:3        Slime (5/5) Lair:5
    Orc (2/2) D:11            Elf (3/3) Orc:2        Vaults (5/5) D:13
  Crypt (3/3) Vaults:2       Tomb (3/3) Crypt:3      Depths (4/4) D:15
   Hell (visited)             Dis (7/7) Hell            Geh (7/7) Hell
    Coc (3/7) Hell            Tar (7/7) Hell            Zot (5/5) Depths:4
 Bailey (visited)           IceCv (visited)         Desolation (visited)
Gauntlet (visited)

Altars:
Cheibriados
Dithmenos
Fedhas
Gozag
Hepliaklqana
Kikubaaqudgha
Makhleb
Okawaru
Qazlal
Trog
Uskayaw
Wu Jian
Xom
Yredelemnul
Zin
The Shining One
Beogh
Jiyva

Shops:
D:3 [   D:14 [   Orc:1 =   Orc:2 *[(*   Elf:2 [   Shoals:1 [   Shoals:2 *
Vaults:2 :   Vaults:4 (?

Portals:
Hell: Depths:1 Depths:2 Depths:3 Depths:4
Abyss: Depths:2 Depths:3 Depths:4
Pandemonium: Depths:1 Depths:2
Ziggurat: Depths:4

Annotations:
Depths:1 exclusion: 2 lightning spires


Innate Abilities, Weirdness & Mutations

You are a lightning-filled tempest!
Your electrical attacks strike out in all directions at once.
You are incredibly evasive.
Your insubstantial body is immune to petrification, constriction, and being set on fire You are flying.
You are immune to poison.
((You have sharp claws.))
((You have razor-sharp teeth.))
You have supernaturally acute eyesight. (SInv)
((Your thick and shaggy fur keeps you warm. (AC +3, rC+)))
((Your paws help you pounce on unaware monsters.))
You are incapable of wielding weapons or throwing items.
You cannot wear armour.
You gain extra lives every three experience levels.
You are very clumsy. (Dex -4)
You are dopey. (Int -2)
You are frail. (-10% HP)
Your magical capacity is low. (-10% MP)
You are occasionally teleported next to monsters.
You are weak. (Str -2)
You occasionally lose the ability to drink potions when taking damage.
You occasionally lose the ability to read scrolls when taking damage.
Your health recovers twice as slowly from being drained.


Message History

The orange demon closely misses you. The orange demon completely misses you.
You blast the orange demon!!!!
You kill the orange demon!
Makhleb accepts your kill.
You feel better.
A hellion comes into view.
The hellion gestures at you.
The sphere of damnation explodes!
The damnation engulfs you!!
The damnation engulfs the hellion.
The hellion completely resists.
You blast the hellion!!!!
You kill the hellion!
Makhleb accepts your kill.
You feel better.
Aiming: Dig
Press: ? - help, Shift-Dir - straight line A rock wall.
This square is covered in magical glow.
The rock shatters into small pieces.
Things that are here:
a +0 dagger; a goblin skeleton
There is an open door here.
There is a stone staircase leading up here.
You fly upwards.
There is a stone staircase leading down here.
A Laakhlej and a shadow demon come into view.
You see here 3 stones.
You can't go up here!
There is a stone staircase leading up here.
Laakhlej tentacle-slaps you!!
You writhe in agony.
You fly upwards.
There is a stone staircase leading down here.
There is a stone staircase leading up here.
You fly upwards.
There is a stone staircase leading down here.
Things that are here:
a jackal skeleton; a jackal skeleton; a jackal skeleton
There is an open door here.
HP restored.
There is a staircase leading out of the dungeon here.
You have escaped!

....)...#...............#.#
##..
#######.#.#############.#.#
#.> ## #.#.#...........#.#.#
##. .####
#.#.#.####.####.#...# #.
....# #...#.#.......#.#.###
#. ....# ###.#.#.#####.#.#.#
#. ....# #.#.#.#...#.#.#.#
#. ##### #.#.#.#..[#.#.#.#
#. #.'.#.#.v...#.'.# #.
#.#.#.#...#.#.#.# ##.
#.#.#.#...#.#.#)# #..
#########.#.#.#####.#.#.###
#.#
........#.#.#.......#.#...##
#.#
..#####...#.####.####.#.#..#
##.# ..#
###.#...........#.##.###..#
..#
#.#############.##..#..##
..# #...............###...##


There were no monsters in sight!

Vanquished Creatures
  Cerebov (Pan)
  Asmodeus (Geh:7)
  the Royal Jelly (Slime:5)
  Gloorx Vloq (Pan)
  Ignacio (Pan)
  Mnoleg (Pan)
  Ereshkigal (Tar:7)
  the Serpent of Hell (Geh:7)
  Lom Lobon (Pan)
  Tiamat (Zot:5)
  Dispater (Dis:7)
  5 dread liches
  8 ancient liches
  Mara (Vaults:5)
  5 orbs of fire
  5 juggernauts
  Xtahua (Depths:4)
  12 pandemonium lords (Pan)
  23 royal mummies
  Sojobo (Depths:4)
  Boris (thrice) (Depths:4 Tomb:3 Vaults:5)
  Josephina (Crypt:2)
  7 shard shrikes
  4 Killer Klowns (Zot:5)
  3 curse toes
  Bai Suzhen (Vaults:2)
  Geryon (Hell)
  The ghost of Dome the Black Belt, a veteran DsSu of Jiyva (Crypt:1)
  21 caustic shrikes
  8 golden dragons
  Nikola (Depths:2)
  the Enchantress (Depths:4)
  10 profane servitors
  37 bone dragons
  3 shard shrike zombies (Tar:7)
  7 doom hounds
  23 Brimstone Fiends
  4 electric golems
  18 Tzitzimimeh
  8 iron giants
  20 hellephants
  8 Ice Fiends
  23 tentacled monstrosities
  Rupert (Lair:4)
  18 Hell Sentinels
  14 tainted leviathans
  Grunn (Depths:3)
  Zenata (Crypt:1)
  12 sphinxes
  22 Orb Guardians (Zot:5)
  14 liches
  9 quicksilver dragons
  3 walking frostbound tomes (Pan)
  2 deep elf blademasters (Elf:3)
  3 deep elf master archers
  3 shard shrike skeletons
  36 searing wretches
  17 acid blobs
  4 titans
  An eldritch tentacle (Zot:5)
  A kraken (Shoals:3)
  5 death cobs
  27 ancient champions
  34 tentacled starspawn
  10 shadow dragons
  14 storm dragons
  30 Executioners
  7 tengu reavers
  10 demonspawn warmongers
  16 azure jellies
  4 fenstrider witches
  5 draconian knights
  8 rockslimes
  19 fire giants
  A nagaraja (Pan)
  2 narguns (Coc:1)
  7 draconian monks
  7 revenants
  9 quicksilver elementals
  6 deep elf sorcerers
  18 vault wardens
  56 balrugs
  12 frost giants
  7 daevas
  10 protean progenitors
  10 iron dragons
  A juggernaut zombie (Tar:7)
  10 draconian scorchers
  A spectral caustic shrike (Tar:7)
  3 curse skulls
  An imperial myrmidon (Desolation)
  12 emperor scorpions
  3 draconian shifters
  A spectral juggernaut (Tar:1)
  A shard shrike simulacrum (Crypt:1)
  8 ghost moths
  10 angels
  A deep elf elementalist (Elf:3)
  24 reapers
  2 caustic shrike zombies
  4 draconian stormcallers
  11 demonspawn corrupters (Pan)
  A ghoul (Crypt:1)
  7 draconian annihilators
  2 caustic shrike skeletons
  4 orc warlords
  3 spriggan defenders
  6 formless jellyfish
  24 very ugly things
  29 cacodemons (Pan)
  24 stone giants
  10 quicksilver oozes
  20 ironbound preservers
  7 juggernaut skeletons
  3 broodmothers
  15 demonspawn blood saints (Pan)
  A starflower (Abyss:3)
  8 putrid mouths
  8 vampire knights
  9 green draconians
  6 bennus
  14 deep elf death magi
  16 demonspawn black suns
  3 ophanim
  7 ironbound thunderhulks
  16 black draconians
  An elemental wellspring (Coc:3)
  Nessos (Lair:4)
  A minotaur (Gauntlet)
  8 deep elf demonologists
  A spectral titan (Tar:4)
  46 war gargoyles
  3 wendigos
  12 purple draconians
  14 white draconians
  24 lorocyprocas
  7 spark wasps
  A halazid warlock (Desolation)
  17 red draconians
  3 bunyips
  13 dire elephants
  4 deep elf annihilators (Elf:3)
  8 eidola
  18 yellow draconians
  13 ettins
  24 blizzard demons
  12 green deaths
  17 iron golems
  3 merfolk javelineers
  20 mummy priests
  6 deep elf high priests
  A spectral spriggan (Tar:1)
  3 quicksilver dragon zombies
  7 fire dragons
  6 crystal guardians
  7 merfolk impalers
  16 yaktaur captains
  2 jiangshi (Crypt:3)
  5 ragged hierophants (Desolation)
  37 vault guards
  An entropy weaver (shapeshifter) (D:15)
  6 salamander tyrants
  8 entropy weavers
  16 peacekeepers
  12 great orbs of eyes
  2 spectral fenstrider witches
  4 servants of whispers (Desolation)
  Harold (Lair:2)
  9 hydras
  2 spriggan zombies
  2 quicksilver dragon skeletons
  An elf skeleton (Tomb:1)
  A spectral iron giant (Tar:6)
  7 rakshasas
  5 hell beasts (Pan)
  8 ice dragons
  3 merfolk avatars
  9 boulder beetles
  2 ghost crabs (Crypt:3)
  2 alligators (Pan)
  A caustic shrike simulacrum (Coc:1)
  31 centaur warriors
  5 ogre magi
  10 ironbound frosthearts
  A spectral stone giant (Tar:1)
  3 spriggan skeletons
  4 death knights
  6 catoblepae
  15 two-headed ogres
  3 spriggan air magi
  32 dancing weapons
  3 radroaches
  7 merfolk aquamancers
  10 stokers
  5 satyrs
  2 jorogumos
  57 death scarabs
  4 vampire magi
  3 deep troll shamans
  5 death yaks (IceCv)
  2 alligator snapping turtles (Shoals:4)
  25 demonic crawlers
  10 deep troll earth magi
  7 orc high priests
  A shock serpent (Abyss:3)
  61 hell hogs
  2 occultists
  2 spectral storm dragons (Tar:1)
  Urug (Lair:3)
  5 spriggan berserkers
  13 thrashing horrors
  3 tengu warriors
  Sonja (D:11)
  13 deep elf knights
  19 hell knights
  2 hellephant skeletons (Pan)
  43 soul eaters
  10 spriggans
  A spectral dire elephant (Crypt:1)
  A storm dragon zombie (Depths:1)
  93 sun demons
  30 shadow wraiths
  14 crystal echidnas
  25 skeletal warriors
  37 wretched stars
  2 cherubim (Abyss:3)
  5 skysharks
  47 sixfirhies
  2 iron giant zombies (Crypt:3)
  6 pharaoh ants
  6 iron trolls
  3 spatial maelstroms (Abyss:3)
  2 anaconda zombies
  2 goliath frogs
  A death drake (shapeshifter) (Vaults:5)
  A deep troll (shapeshifter) (Depths:3)
  13 sea snakes
  13 orb spiders
  70 deep trolls
  A bog body (Crypt:1)
  10 spectral anacondas
  A quicksilver dragon simulacrum (Abyss:3)
  A swamp dragon (Zig:5)
  2 death drakes
  30 shadow demons
  A storm dragon skeleton (Tomb:2)
  10 phantasmal warriors
  A spriggan druid (Zig:5)
  A mana viper (Abyss:3)
  4 arcanists
  14 sun moths
  6 spriggan simulacra
  A fenstrider witch simulacrum (Coc:1)
  15 flayed ghosts
  An orange crystal statue (Zig:5)
  10 glowing orange brains
  An obsidian statue (Zig:5)
  4 steelbarb worms
  6 lindwurms
  5 anaconda skeletons
  19 ironbound convokers
  11 deep elf archers
  42 deep elf pyromancers
  10 necromancers
  16 orc knights
  14 harpies
  An iron dragon zombie (Depths:1)
  A harpy (shapeshifter) (Elf:1)
  33 ugly things
  28 deep elf zephyrmancers
  A goliath frog zombie (Crypt:2)
  6 shining eyes
  An eleionoma zombie (Crypt:2)
  A stone giant zombie (Depths:1)
  A frost giant zombie (Depths:1)
  5 orc sorcerers
  A salamander (shapeshifter) (Abyss:3)
  21 wolf spiders
  38 cyclopes
  25 fauns
  A will-o-the-wisp (Abyss:3)
  9 worldbinders
  10 meliai
  88 large abominations
  22 moths of wrath
  4 Executioner simulacra (Pan)
  An iron dragon skeleton (Abyss:3)
  21 manticores
  A dire elephant zombie (Tar:7)
  A meliai (shapeshifter) (D:15)
  13 elephants
  A guardian serpent (shapeshifter) (D:15)
  4 black mambas
  4 kobold blastminers
  6 merfolk sirens
  8 water nymphs
  11 rust devils
  3 titan simulacra
  8 ice statues
  17 vault sentinels
  34 orange demons
  2 eyes of devastation
  A black mamba (shapeshifter) (Abyss:3)
  A guardian serpent (Abyss:3)
  65 smoke demons
  A storm dragon simulacrum (Coc:1)
  A water nymph (shapeshifter) (Depths:1)
  5 torpor snails
  7 apocalypse crabs (Abyss:3)
  5 gargoyles
  11 cane toads
  Jeremiah (D:8)
  A centaur skeleton (Tomb:1)
  23 tormentors
  11 rime drakes
  30 yaktaurs
  An orc skeleton (Crypt:3)
  15 efreet
  3 kobold demonologists (D:13)
  26 hellions
  12 freezing wraiths
  A catoblepas zombie (Crypt:1)
  A steelbarb worm zombie (Crypt:1)
  2 tengu conjurers
  7 komodo dragons
  A bunyip simulacrum (Coc:1)
  11 ice devils
  A catoblepas skeleton (Tomb:1)
  An anaconda simulacrum (Hell)
  6 spectral harpies
  14 trolls
  2 spectral nagas
  3 silent spectres
  14 ancient zymes (Abyss:3)
  39 guardian mummies
  17 polar bears
  30 merfolk
  9 red devils (Pan)
  A harpy zombie (Crypt:3)
  70 raiju
  11 wind drakes
  A wolf spider simulacrum (D:15)
  22 tarantellas
  A hornet (shapeshifter) (Abyss:3)
  A tyrant leech (Zig:5)
  A hydra skeleton (Abyss:2)
  15 hornets
  52 saltlings (Desolation)
  A spectral swamp dragon (Tar:1)
  A jumping spider zombie (Crypt:1)
  10 glass eyes
  19 hellwings
  3 harpy skeletons
  19 dream sheep
  21 blink frogs
  An ettin zombie (Tomb:3)
  A satyr zombie (Crypt:1)
  8 snapping turtles
  An iron dragon simulacrum (Coc:3)
  13 wyverns
  15 jumping spiders
  5 centaur simulacra
  5 fire dragon skeletons (Crypt:3)
  8 shadows
  16 air elementals
  2 ettin skeletons
  134 slime creatures
  A black mamba zombie (Crypt:3)
  5 dire elephant simulacra
  13 ushabtiu
  Sigmund (D:2)
  6 vampires (Crypt:3)
  10 wraiths
  18 culicivoras
  49 ynoxinuls
  17 water elementals
  4 fire bats (Abyss:3)
  67 yaks
  2 fire elementals (Elf:2)
  10 basilisks
  11 wargs
  A black mamba skeleton (Hell)
  10 golden eyes
  2 steam dragons (Shoals:4)
  A minotaur simulacrum (Hell)
  77 redbacks
  127 starcursed masses
  51 chaos spawn
  45 neqoxecs
  3 swamp worms (Pan)
  8 harpy simulacra
  Edmund (D:5)
  An acid dragon (D:10)
  29 small abominations
  A spatial vortex (Abyss:3)
  3 naga zombies
  Duvessa (D:5)
  2 hydra simulacra (Coc:1)
  13 water moccasins
  6 hell hounds
  3 naga skeletons
  2 ice beasts
  49 orc warriors
  13 black bears
  2 sky beasts
  2 ettin simulacra
  61 laughing skulls
  24 ogres
  18 centaurs
  30 wolves
  A boggart (Vaults:1)
  A swamp dragon skeleton (Crypt:1)
  9 kobold brigands
  2 phantoms (D:6)
  3 brain worms (Abyss:3)
  5 weeping skulls (Abyss:3)
  16 bullfrogs
  A naga simulacrum (Coc:1)
  4 earth elementals
  11 gnoll sergeants
  3 scorpions
  17 wights
  A warg skeleton (Crypt:2)
  Dowan (D:5)
  An elephant simulacrum (Lair:1)
  8 killer bees
  4 electric eels
  2 howler monkeys (D:10)
  A bombardier beetle (D:5)
  2 crimson imps (Abyss:3)
  4 quasits (Abyss:3)
  3 hounds
  28 orc priests
  5 gnoll boudas (Bailey)
  4 jellies
  Crazy Yiuf (D:3)
  4 iguanas
  4 iron imps
  2 sleepcaps
  4 hell rats (Lair:4)
  A boggart zombie (Crypt:2)
  Natasha (twice) (D:2)
  16 orc wizards
  An acid dragon skeleton (Crypt:2)
  36 mummies
  42 gnolls
  A howler monkey skeleton (Crypt:1)
  12 adders
  2 shadow imps
  10 white imps
  12 ufetubi
  A ribbon worm (D:2)
  4 dart slugs
  96 orcs
  15 endoplasms
  2 giant cockroaches
  9 goblins
  8 hobgoblins
  10 jackals
  8 quokkas
  5 ball pythons
  8 bats
  A bombardier beetle zombie (Crypt:2)
  3 frilled lizards
  A giant cockroach zombie (Crypt:1)
  A goblin zombie (Crypt:2)
  32 kobolds
  8 rats
  3 aspiring fleshes
  26 fire vortices
  4 lurking horrors (Abyss:3)
  37 starspawn tentacles
  3 tentacles (Shoals:3)
5258 creatures vanquished.

Vanquished Creatures (collateral kills)
  A dread lich (Tar:7)
  2 royal mummies (Tomb:3)
  2 doom hounds (Tar:7)
  A Tzitzimitl (Tar:7)
  A searing wretch (Geh:7)
  2 tentacled starspawn (Abyss:3)
  An Executioner (Abyss:3)
  An imperial myrmidon (Desolation)
  A quicksilver elemental (Dis:6)
  A balrug (Pan)
  A spriggan defender (Depths:4)
  An ironbound preserver (Vaults:1)
  2 reapers
  2 very ugly things (Depths:4)
  An ironbound thunderhulk (Vaults:4)
  A wendigo (Coc:3)
  A halazid warlock (Desolation)
  A lorocyproca (Abyss:3)
  A red draconian (Abyss:3)
  3 mummy priests (Tomb:3)
  An iron golem (Dis:7)
  2 ragged hierophants (Desolation)
  A servant of whispers (Desolation)
  A jorogumo (Spider:3)
  A dancing weapon (Abyss:3)
  4 death scarabs (Tomb:3)
  A spriggan berserker (Depths:4)
  A sun demon (Pan)
  A skeletal warrior (D:15)
  A shadow wraith (Tar:7)
  3 orb spiders (Spider:4)
  A deep troll (Vaults:1)
  A spriggan simulacrum (Coc:3)
  An ironbound convoker (Vaults:4)
  A moth of wrath (Spider:4)
  3 large abominations (Abyss:3)
  2 guardian serpents (Desolation)
  An apocalypse crab (Abyss:3)
  2 smoke demons
  A cane toad (shapeshifter) (Abyss:3)
  A hellion (Coc:1)
  2 guardian mummies (Tomb:3)
  A spectral naga (Crypt:1)
  A tormentor (Coc:3)
  A hellwing (Pan)
  3 saltlings (Desolation)
  A jumping spider (Spider:3)
  A small abomination (Abyss:3)
  3 spriggans (Depths:4)
  An ushabti (Tomb:3)
  A golden eye (Abyss:3)
  A neqoxec (Abyss:3)
  A redback (Spider:4)
  7 laughing skulls (Abyss:3)
  An ettin simulacrum (Crypt:2)
  5 weeping skulls (Abyss:3)
  A brain worm (Abyss:3)
  A gnoll sergeant (Bailey)
  A crimson imp (Abyss:3)
  A quasit (Abyss:3)
  2 gnoll boudas (Bailey)
  2 mummies (Tomb:3)
  A shadow imp (Abyss:3)
  An ufetubus (Abyss:3)
  A starspawn tentacle (Abyss:3)
99 creatures vanquished.

Vanquished Creatures (others)
  Mennas (Tomb:3)
  An eldritch tentacle (Pan)
  A shard shrike simulacrum (Coc:3)
  An elemental wellspring (Hell)
  A stone giant (Vaults:5)
  A vampire knight (Depths:4)
  A blizzard demon (Pan)
  4 mummy priests
  A juggernaut simulacrum (Coc:3)
  A stoker (Geh:7)
  A death scarab (Tomb:3)
  A soul eater (Pan)
  A sun demon (Pan)
  A quicksilver dragon simulacrum (Coc:3)
  A sixfirhy (Pan)
  2 shadow demons (Pan)
  A slime creature (Slime:5)
  A fenstrider witch simulacrum (Coc:1)
  2 lightning spires (Depths:1)
  A spriggan simulacrum (Coc:3)
  A faun (Shoals:1)
  An orange demon (Pan)
  A smoke demon (Pan)
  2 hellions
  An emperor scorpion simulacrum (Coc:1)
  A rime drake (Abyss:3)
  A merfolk (Pan)
  A blink frog (Abyss:3)
  A hog (shapeshifter) (Vaults:5)
  4 ushabtiu (Tomb:3)
  A water elemental (Shoals:3)
  A ynoxinul (Pan)
  A golden eye (Abyss:3)
  2 redbacks (Spider:2)
  A neqoxec (Abyss:3)
  A small abomination (Abyss:3)
  A harpy simulacrum (Coc:1)
  A hydra simulacrum (Coc:3)
  An ettin simulacrum (Coc:1)
  A gnoll sergeant (Bailey)
  A quasit (Abyss:3)
  An orc wizard (Vaults:5)
  A centaur simulacrum (D:10)
  2 mummies (Tomb:3)
  2 orcs (Vaults:5)
  3 ball lightnings (Pan)
  6 creeping infernos
  A fire vortex (Geh:5)
  4 foxfires
  6 lurking horrors (Abyss:3)
  42 starspawn tentacles
  A tentacle (Shoals:3)
120 creatures vanquished.

Grand Total: 5477 creatures vanquished

Notes
Turn   | Place    | Note
-------+----------+-------------------------------------------
     0 | D:1      | Asceticacid the Felid Berserker began the quest for the
                  | Orb.
     0 | D:1      | Reached XP level 1. HP: 12/12 MP: 2/2
    98 | D:1      | You fall into a shaft and drop 1 floor!
   148 | D:2      | Reached XP level 2. HP: 16/16 MP: 3/3
   269 | D:2      | Noticed Sigmund
   288 | D:2      | Killed Sigmund
   289 | D:2      | Reached skill level 5 in Dodging
   289 | D:2      | Reached XP level 3. HP: 21/21 MP: 4/4
   289 | D:2      | Reached XP level 4. HP: 25/25 MP: 5/5
   289 | D:2      | Gained a life (2 lives remaining)
   289 | D:2      | Reached XP level 5. HP: 29/29 MP: 6/6
   312 | D:2      | Noticed Natasha
   320 | D:2      | Killed Natasha
   821 | D:2      | Reached skill level 5 in Unarmed Combat
   888 | D:2      | Noticed Natasha
   917 | D:2      | Reached ** piety under Trog
   931 | D:2      | Found a bloodstained altar of Trog.
   931 | D:2      | Found a burning altar of Makhleb.
   931 | D:2      | Found an iron altar of Okawaru.
   931 | D:2      | Found a hide-covered altar of Uskayaw.
   931 | D:2      | Found a hide-covered altar of Uskayaw.
   931 | D:2      | Found an opulent altar of Gozag.
   934 | D:2      | Reached skill level 1 in Stealth
   950 | D:2      | Gained mutation: You are covered in thick fur. (AC +2)
                  | [Felid growth]
   950 | D:2      | Reached XP level 6. HP: 23/33 MP: 7/7
  1033 | D:2      | Found a faded altar of an unknown god.
  1039 | D:2      | Killed Natasha
  1196 | D:3      | Found Neipienu's Antique Armour Emporium.
  2239 | D:3      | Reached XP level 7. HP: 37/37 MP: 8/8
  2781 | D:3      | Identified a scroll of acquirement
  2781 | D:3      | Acquired the amulet "Yxal Pem" {Spirit rF- Will+ Dex+5
                  | Stlth-}
  2900 | D:3      | Found an opulent altar of Gozag.
  3211 | D:3      | Found a runed translucent door.
  3212 | D:3      | Noticed Crazy Yiuf
  3219 | D:3      | Killed Crazy Yiuf
  3716 | D:4      | Found a glowing golden altar of the Shining One.
  3794 | D:4      | Reached skill level 1 in Shapeshifting
  4166 | D:4      | Reached *** piety under Trog
  4245 | D:5      | Entered Level 5 of the Dungeon
  4409 | D:5      | Reached XP level 8. HP: 42/42 MP: 9/9
  4475 | D:5      | Found a bloodstained altar of Trog.
  4478 | D:5      | Found a glowing silver altar of Zin.
  4481 | D:5      | Found a snail-covered altar of Cheibriados.
  4510 | D:5      | Noticed Edmund
  4524 | D:5      | Killed Edmund
  4885 | D:5      | Noticed Duvessa
  4885 | D:5      | Noticed Dowan
  4900 | D:5      | Killed Duvessa
  4901 | D:5      | Killed Dowan
  4902 | D:5      | Reached skill level 5 in Stealth
  4964 | D:5      | Identified the +1 leather armour "Bulal" {Int-5 Dex+5}
  5399 | D:6      | Reached XP level 9. HP: 46/46 MP: 7/10
  6111 | D:7      | Noticed a gargoyle
  6128 | D:7      | Killed a gargoyle
  6509 | D:7      | Found a staircase to the Ecumenical Temple.
  6545 | D:7      | Reached skill level 10 in Unarmed Combat
  6653 | D:7      | Found a hazy altar of Hepliaklqana.
  6883 | D:7      | Reached skill level 1 in Evocations
  7382 | D:8      | Noticed Jeremiah
  7460 | D:8      | Found an ornate altar of the Wu Jian Council.
  7587 | D:8      | Killed Jeremiah
  7588 | D:8      | Reached XP level 10. HP: 51/51 MP: 11/11
  7606 | D:8      | Found a flagged portal.
  7634 | Bailey   | Entered a bailey
  7990 | Bailey   | Identified the +5 scimitar "Cen Odol" {drain, Dex+5}
  8636 | D:8      | Found a staircase to the Lair.
  8683 | D:8      | Reached skill level 5 in Fighting
  8932 | D:8      | Reached skill level 5 in Shapeshifting
  9174 | D:8      | Found a basalt altar of Yredelemnul.
  9380 | D:9      | Reached skill level 10 in Dodging
  9406 | D:9      | Noticed a two-headed ogre
  9410 | D:10     | Entered Level 10 of the Dungeon
  9448 | D:9      | Killed a two-headed ogre
  9449 | D:9      | Reached XP level 11. HP: 55/55 MP: 12/12
  9519 | D:9      | Noticed a two-headed ogre
  9531 | D:9      | Killed a two-headed ogre
 10314 | D:10     | Reached skill level 5 in Evocations
 10567 | D:10     | Found a runed translucent door.
 10672 | D:10     | Noticed a two-headed ogre
 10683 | D:10     | Killed a two-headed ogre
 11212 | D:11     | Noticed a two-headed ogre
 11226 | D:11     | Killed a two-headed ogre
 11490 | D:11     | Noticed a boulder beetle
 11536 | D:11     | Killed a boulder beetle
 11649 | D:11     | Noticed Sonja
 11671 | D:11     | Killed Sonja
 11857 | D:11     | Found a staircase to the Orcish Mines.
 11888 | D:11     | Gained mutation: Your thick and shaggy fur keeps you warm.
                  | (AC +3, rC+) [Felid growth]
 11888 | D:11     | Reached XP level 12. HP: 41/60 MP: 8/13
 12344 | D:11     | Identified the +1 ring mail of Obiry {^Contam Int+3 Dex+2}
 12776 | D:12     | Noticed a boulder beetle
 12789 | D:12     | Killed a boulder beetle
 13313 | D:13     | Noticed a centaur warrior
 13396 | Orc:1    | Entered Level 1 of the Orcish Mines
 13530 | Orc:1    | Noticed an orc high priest
 13649 | Orc:1    | Found Gepaanga's Jewellery Boutique.
 13885 | Orc:1    | Found a roughly hewn altar of Beogh.
 13885 | Orc:1    | Noticed an orc high priest
 13900 | Orc:1    | Killed an orc high priest
 14075 | Orc:1    | Killed an orc high priest
 14198 | Orc:2    | Entered Level 2 of the Orcish Mines
 14330 | Orc:2    | Reached **** piety under Trog
 14685 | Orc:2    | Found a staircase to the Elven Halls.
 14833 | Orc:2    | Got the Compilation of Non-linear Exhalation
 15280 | Orc:2    | Reached XP level 13. HP: 49/65 MP: 14/14
 15355 | Orc:2    | Reached ***** piety under Trog
 15454 | Orc:2    | Found a roughly hewn altar of Beogh.
 15480 | Orc:2    | Found Parekhlip's Assorted Antiques.
 15551 | Orc:2    | Bought a twisted coral ring for 145 gold pieces
 15551 | Orc:2    | Bought a scroll of teleportation for 87 gold pieces
 15560 | Orc:2    | Found Fesaf's Antique Weapon Shop.
 16159 | Orc:2    | Noticed an orc warlord
 16337 | Orc:2    | Killed an orc warlord
 16944 | Orc:2    | Found a roughly hewn altar of Beogh.
 17013 | Orc:2    | Found Wyipock's Armour Shoppe.
 17247 | Orc:2    | Found Geacwali's General Store.
 17255 | Orc:2    | Bought a +0 quarterstaff for 52 gold pieces
 17255 | Orc:2    | Bought a scroll of blinking for 97 gold pieces
 17255 | Orc:2    | Bought a potion of might for 52 gold pieces
 17393 | Orc:2    | Bought a maw talisman for 870 gold pieces
 17533 | Lair:1   | Entered Level 1 of the Lair of Beasts
 17846 | Lair:1   | Found a frozen archway.
 17860 | IceCv    | Entered an ice cave
 18752 | IceCv    | Identified the +7 broad axe "Zyloe" {spect, rN++ Str+2}
 18957 | Lair:1   | Reached skill level 10 in Shapeshifting
 18989 | Lair:1   | Reached XP level 14. HP: 70/70 MP: 15/15
 19209 | Lair:1   | Reached skill level 15 in Unarmed Combat
 19348 | Lair:1   | Reached skill level 10 in Stealth
 19542 | Lair:2   | Noticed Harold
 19544 | Lair:2   | You fall into a shaft and drop 1 floor!
 19593 | Lair:2   | Found a gate leading to a gauntlet.
 19622 | Gauntlet | Entered a Gauntlet
 19622 | Gauntlet | Found a transporter.
 19622 | Gauntlet | Found a transporter.
 19624 | Gauntlet | Found a transporter.
 19627 | Gauntlet | Found a transporter.
 19628 | Gauntlet | Found a transporter.
 19628 | Gauntlet | Found a transporter.
 19659 | Gauntlet | Found a transporter.
 19663 | Gauntlet | Found a transporter.
 19671 | Gauntlet | Found a transporter.
 19684 | Gauntlet | Found a transporter.
 19702 | Gauntlet | Found a transporter.
 19706 | Gauntlet | Found a transporter.
 19708 | Gauntlet | Found a runed translucent gate.
 19708 | Gauntlet | Found a runed translucent gate.
 19708 | Gauntlet | Found a runed translucent gate.
 19868 | Gauntlet | Identified the amulet of Zeakeyh {Reflect rElec rPois SH+5}
 20019 | Gauntlet | Found the +8 whip "Snakebite" {venom, curare, rPois}
 20027 | Gauntlet | Got the Secrets of Hypothermia and Jinxing
 20106 | Lair:2   | HP: 3/70 [poisoned by a cane toad]
 20111 | Lair:2   | HP: 3/70 [poisoned by a cane toad]
 20296 | Lair:2   | Killed Harold
 21097 | Lair:3   | Found a staircase to the Shoals.
 21210 | Lair:3   | Noticed Urug
 21211 | Lair:3   | Found a hole to the Spider Nest.
 21754 | Lair:3   | Killed Urug
 22361 | Lair:4   | Noticed Rupert
 22404 | Lair:4   | Noticed Nessos
 22405 | Lair:4   | Killed Nessos
 22745 | Lair:4   | Killed Rupert
 23382 | Lair:4   | Slain by a catoblepas
 23382 | Lair:4   | Lost a life (1 life remaining)
 23618 | Lair:5   | Entered Level 5 of the Lair of Beasts
 23692 | Lair:5   | Reached XP level 15. HP: 66/74 MP: 16/16
 23692 | Lair:5   | Gained a life (2 lives remaining)
 24049 | Lair:5   | Reached skill level 15 in Dodging
 24163 | Lair:5   | Found a viscous altar of Jiyva.
 24166 | Lair:5   | Found a staircase to the Slime Pits.
 25313 | D:13     | Identified the ring "Dothar" {rPois rF- rC+ rCorr SInv}
 25509 | D:13     | HP: 2/75 [tengu warrior/+3 great mace of holy wrath (2)]
 26251 | D:13     | Found a gate to the Vaults.
 27239 | D:14     | Found a snail-covered altar of Cheibriados.
 27466 | D:14     | Found Bistaaqy's Armour Shoppe.
 27604 | D:15     | Entered Level 15 of the Dungeon
 28259 | D:15     | Found a blossoming altar of Fedhas.
 28259 | D:15     | Found a stormy altar of Qazlal.
 28261 | D:15     | Found a shadowy altar of Dithmenos.
 28411 | D:15     | Found a staircase to the Depths.
 28494 | D:15     | Reached XP level 16. HP: 80/80 MP: 17/17
 28918 | D:15     | Gained mutation: Your spells are a little harder to cast,
                  | but a little more powerful. [potion of mutation]
 28919 | D:15     | Lost mutation: Your spells are a little harder to cast, but
                  | a little more powerful. [potion of mutation]
 28919 | D:15     | Gained mutation: Your health recovers twice as slowly from
                  | being drained. [potion of mutation]
 28920 | D:15     | Lost mutation: Your health recovers twice as slowly from
                  | being drained. [potion of mutation]
 28920 | D:15     | Gained mutation: Your spells are a little harder to cast,
                  | but a little more powerful. [potion of mutation]
 29609 | D:15     | Noticed a sphinx
 29662 | D:15     | Killed a sphinx
 29747 | D:15     | Noticed a storm dragon
 30002 | D:15     | Killed a storm dragon
 30033 | D:15     | Found the +8 arc blade {discharge, rElec}
 30626 | Elf:1    | Entered Level 1 of the Elven Halls
 30965 | Elf:1    | Got the Atlas of the Discharge
 31010 | Elf:1    | Reached XP level 17. HP: 77/85 MP: 18/18
 31926 | Elf:2    | Found a runed translucent gate.
 31926 | Elf:2    | Found a runed translucent gate.
 31930 | Elf:2    | Found a runed translucent gate.
 31997 | Elf:2    | Paralysed by an air elemental for 1 turns
 31997 | Elf:2    | Killed from afar by a deep elf zephyrmancer
 31997 | Elf:2    | Lost a life (1 life remaining)
 32031 | Elf:2    | Reached ****** piety under Trog
 32271 | Elf:2    | Found a shimmering altar of Xom.
 32349 | Elf:2    | Found Arghogaf's Antique Armour Shop.
 32867 | Elf:3    | Entered Level 3 of the Elven Halls
 33019 | Elf:3    | Identified the ring "Zawosaq" {^Contam *Slow rPois Int+8
                  | SInv}
 33620 | Elf:3    | Noticed a deep elf blademaster
 33626 | Elf:3    | Killed from afar by a deep elf elementalist
 33626 | Elf:3    | Lost a life (0 lives remaining)
 34069 | Spider:1 | Entered Level 1 of the Spider Nest
 35587 | Spider:2 | Reached XP level 18. HP: 91/91 MP: 19/19
 35587 | Spider:2 | Gained a life (1 life remaining)
 36717 | Spider:3 | Reached skill level 15 in Shapeshifting
 36919 | Spider:3 | Identified the +1 scale mail of the Rambutan {*Corrode
                  | rElec rPois}
 37468 | Spider:4 | Entered Level 4 of the Spider Nest
 37666 | Spider:4 | HP: 1/117 [disintegration (27)]
 38962 | Spider:4 | Got a gossamer rune of Zot
 39484 | Vaults:1 | Entered Level 1 of the Vaults
 39879 | Vaults:1 | Found a crumbling gateway.
 39903 | Desolati | Entered the Desolation of Salt
 39986 | Desolati | Reached XP level 19. HP: 95/95 MP: 20/20
 39986 | Desolati | Gained a life (2 lives remaining)
 40098 | Desolati | Got the Spellbook of the Fjord
 40400 | Desolati | Got the Elucidation of the Postmodern People
 40406 | Desolati | Identified the +1 chain mail "Tytyff" {-Tele Fly Dex+3}
 40407 | Desolati | Identified the ring "Uraiz" {rF+ Str+6}
 40783 | Desolati | Identified the ring of Creativity {rF+ Will+ MP+9 Int+4
                  | Dex-5}
 40826 | Desolati | Identified the ring of Hewanwaf {EV+5 Dex+5}
 41602 | Vaults:1 | Reached skill level 10 in Fighting
 41619 | Vaults:1 | Mangled by a titanic slime creature
 41619 | Vaults:1 | Lost a life (1 life remaining)
 42974 | Vaults:2 | Found a staircase to the Crypt.
 43101 | Vaults:2 | Noticed Bai Suzhen
 43122 | Vaults:2 | Killed Bai Suzhen
 43123 | Vaults:2 | Reached XP level 20. HP: 107/107 MP: 21/21
 43123 | Vaults:2 | Gained a life (2 lives remaining)
 43183 | Vaults:2 | Found Ruiz's Book Boutique.
 43274 | Vaults:2 | Bought a manual of Fighting for 1440 gold pieces
 43995 | Vaults:3 | Reached skill level 15 in Fighting
 45155 | Vaults:4 | Upgraded the game from 0.32-a0-329-ge6c31236d6 to
                  | 0.32-a0-350-g4f4d228785
 45296 | Vaults:4 | Found Hofedgh's Magic Scroll Boutique.
 45307 | Vaults:4 | Bought a scroll of acquirement for 1144 gold pieces
 45307 | Vaults:4 | Bought a scroll of teleportation for 66 gold pieces
 45494 | Vaults:4 | Identified the +1 pair of boots of the Enchanted Forest
                  | {*Slow rF+ rCorr Int+4 Dex-4}
 45526 | Vaults:4 | Found Wulug's Weapon Emporium.
 45910 | Vaults:4 | Reached XP level 21. HP: 123/123 MP: 22/22
 47185 | Elf:3    | Identified the amulet "Ralyric" {RegenMP Regen+}
 47214 | Elf:3    | Identified the staff of Neidgh {rElec Dex+7 Air}
 47293 | Elf:3    | Identified the +4 trident of the Valley {freeze, Will+
                  | Dex+2}
 47472 | Elf:3    | Identified the +0 pair of gloves "Godiuq" {rPois rCorr
                  | Slay+2}
 47686 | Elf:3    | Acquired a manual of Unarmed Combat
 48074 | Depths:1 | Entered Level 1 of the Depths
 48274 | Depths:1 | Found a gateway to Hell.
 48281 | Depths:1 | Found a one-way gate leading to the halls of Pandemonium.
 48295 | Depths:1 | Found a flickering gateway to a bazaar.
 48309 | Bazaar   | Entered a bazaar
 48311 | Bazaar   | Found Uluu's Distillery.
 48318 | Bazaar   | Found Gerulodi's General Store.
 48334 | Bazaar   | Found Pumnuz's Distillery.
 48339 | Bazaar   | Found Nagah's Antique Armour Shoppe.
 48350 | Bazaar   | Found Waell's Book Shop.
 48402 | Bazaar   | Bought a potion of haste for 90 gold pieces
 48411 | Bazaar   | Bought a scroll of blinking for 82 gold pieces
 48419 | Bazaar   | Bought a potion of heal wounds for 70 gold pieces
 48434 | Bazaar   | Bought a potion of curing for 42 gold pieces
 48434 | Bazaar   | Bought a potion of enlightenment for 70 gold pieces
 48448 | Bazaar   | Bought a potion of curing for 27 gold pieces
 48448 | Bazaar   | Bought a potion of cancellation for 72 gold pieces
 48448 | Bazaar   | Bought a potion of cancellation for 72 gold pieces
 48772 | Depths:1 | Found a runed translucent door.
 49067 | Depths:1 | Paralysed by an air elemental for 1 turns
 49509 | Depths:2 | Reached XP level 22. HP: 128/128 MP: 20/23
 49691 | Depths:2 | Found a blossoming altar of Fedhas.
 50048 | Depths:2 | Found a one-way gate to the infinite horrors of the Abyss.
 50106 | Depths:2 | Noticed Nikola
 50113 | Depths:2 | Killed Nikola
 50622 | Depths:3 | Noticed Grunn
 50649 | Depths:3 | Killed Grunn
 50779 | Depths:3 | Noticed a golden dragon
 50781 | Depths:3 | Killed a golden dragon
 50869 | Depths:3 | Noticed a golden dragon
 50875 | Depths:3 | Killed a golden dragon
 51689 | Depths:4 | Entered Level 4 of the Depths
 51689 | Depths:4 | Noticed Sojobo
 51689 | Depths:4 | Noticed a golden dragon
 51693 | Depths:4 | Killed a golden dragon
 51700 | Depths:4 | Paralysed by an air elemental for 1 turns
 51709 | Depths:4 | Noticed Xtahua
 51713 | Depths:4 | Killed Sojobo
 51723 | Depths:4 | Killed Xtahua
 51829 | Depths:4 | Noticed the Enchantress
 51847 | Depths:4 | Identified the +4 robe of the Wheelwright {Rampage rN+
                  | Regen+ Dex+3}
 51847 | Depths:4 | Noticed Boris
 51854 | Depths:4 | Killed the Enchantress
 51880 | Depths:4 | Killed Boris
 51885 | Depths:4 | Identified the +6 morningstar of Odusodgh {vamp, Str+4}
 51991 | Depths:4 | Reached XP level 23. HP: 133/133 MP: 22/24
 52084 | Depths:4 | Found a one-way gateway to a ziggurat.
 52417 | Depths:4 | Reached skill level 27 in Unarmed Combat
 52484 | Depths:4 | Found a gate to the Realm of Zot.
 52967 | Crypt:1  | Entered Level 1 of the Crypt
 53047 | Crypt:1  | Found a runed translucent gate.
 53047 | Crypt:1  | Found a runed translucent gate.
 53048 | Crypt:1  | Found a runed translucent gate.
 53050 | Crypt:1  | Noticed Dome's ghost (veteran DsSu)
 53093 | Crypt:1  | Noticed Zenata
 53107 | Crypt:1  | Killed Zenata
 53922 | Crypt:1  | Killed Dome's ghost
 54221 | Crypt:2  | Identified the ring of Gluttony {Ice Int+2}
 54221 | Crypt:2  | Noticed Josephina
 54231 | Crypt:2  | Killed Josephina
 54981 | Crypt:3  | Entered Level 3 of the Crypt
 55274 | Crypt:3  | Found the +13 scythe of Curses {drain, curses, ^Drain}
 55533 | Crypt:3  | Found a staircase to the Tomb.
 56023 | Crypt:3  | Found an ancient bone altar of Kikubaaqudgha.
 56025 | Crypt:3  | Noticed an ancient lich
 56035 | Crypt:3  | Killed an ancient lich
 56893 | D:4      | Fell from the grace of Trog
 56893 | D:4      | Became a worshipper of the Shining One
 57311 | Depths:2 | Voluntarily entered the Abyss.
 57512 | Abyss:1  | Reached * piety under the Shining One
 57576 | Abyss:1  | Reached skill level 1 in Invocations
 57592 | Abyss:1  | Reached ** piety under the Shining One
 57676 | Abyss:1  | Found a corrupted altar of Lugonu.
 57770 | Abyss:1  | Paralysed by accursed screaming for 1 turns
 57778 | Abyss:1  | Paralysed by accursed screaming for 2 turns
 57783 | Abyss:1  | Paralysed by accursed screaming for 2 turns
 57792 | Abyss:1  | Found a corrupted altar of Lugonu.
 57797 | Abyss:2  | Reached *** piety under the Shining One
 57900 | Abyss:2  | Reached XP level 24. HP: 138/138 MP: 27/27
 57931 | Abyss:2  | Reached skill level 5 in Invocations
 57982 | Abyss:2  | Reached **** piety under the Shining One
 58028 | Abyss:2  | Found a corrupted altar of Lugonu.
 58032 | Abyss:2  | Found a corrupted altar of Lugonu.
 58032 | Abyss:2  | Found a corrupted altar of Lugonu.
 58304 | Abyss:3  | Reached ***** piety under the Shining One
 58498 | Abyss:3  | Found a corrupted altar of Lugonu.
 58500 | Abyss:3  | Found a corrupted altar of Lugonu.
 58551 | Abyss:3  | Reached ****** piety under the Shining One
 58615 | Abyss:3  | Reached skill level 10 in Invocations
 58692 | Abyss:3  | Gained mutation: Your body sometimes deteriorates upon
                  | taking damage. [a neqoxec]
 58709 | Depths:2 | Escaped the Abyss
 58748 | Depths:2 | Voluntarily entered the Abyss.
 58755 | Abyss:3  | Found a corrupted altar of Lugonu.
 59407 | Abyss:3  | Paralysed by Trog for 5 turns
 59431 | Abyss:3  | Found a corrupted altar of Lugonu.
 59537 | Abyss:3  | Found a corrupted altar of Lugonu.
 59550 | Abyss:3  | Found a corrupted altar of Lugonu.
 59601 | Abyss:3  | Lost mutation: Your spells are a little harder to cast, but
                  | a little more powerful. [a neqoxec]
 59605 | Abyss:3  | Gained mutation: You are vulnerable to cold. (rC-) [a
                  | neqoxec]
 59608 | Abyss:3  | Reached skill level 15 in Invocations
 59630 | Abyss:3  | Reached XP level 25. HP: 142/142 MP: 17/35
 59747 | Abyss:3  | Gained mutation: Your spells are a little easier to cast,
                  | but a little less powerful. [a shining eye]
 59748 | Abyss:3  | Gained mutation: You are vulnerable to heat. (rF-) [a
                  | shining eye]
 59818 | Abyss:3  | Paralysed by Trog for 7 turns
 60252 | Abyss:3  | Gained mutation: You are dopey. (Int -2) [a neqoxec]
 60410 | Abyss:3  | Gained mutation: You sometimes lose your temper in combat.
                  | [a neqoxec]
 60412 | Abyss:3  | Gained mutation: Your body often deteriorates upon taking
                  | damage. [a neqoxec]
 60465 | Abyss:3  | Gained mutation: Your magical capacity is low. (-10% MP) [a
                  | neqoxec]
 60465 | Abyss:3  | Gained mutation: You are frail. (-10% HP) [a neqoxec]
 60533 | Abyss:3  | Paralysed by accursed screaming for 2 turns
 60565 | Abyss:3  | Paralysed by accursed screaming for 1 turns
 60646 | Abyss:3  | Found a glowing golden altar of the Shining One.
 60654 | Abyss:3  | Noticed an ancient lich
 60661 | Abyss:3  | Killed an ancient lich
 60677 | Abyss:3  | Noticed a juggernaut
 60684 | Abyss:3  | Killed a juggernaut
 60697 | Abyss:3  | Got an abyssal rune of Zot
 60703 | Depths:2 | Escaped the Abyss
 60764 | Hell     | Entered the Vestibule of Hell
 60764 | Hell     | Noticed Geryon
 61254 | D:5      | Fell from the grace of the Shining One
 61254 | D:5      | Became a worshipper of Zin the Law-Giver
 61254 | D:5      | Reached * piety under Zin
 61254 | D:5      | Reached ** piety under Zin
 61254 | D:5      | Reached *** piety under Zin
 61254 | D:5      | Reached **** piety under Zin
 61254 | D:5      | Reached ***** piety under Zin
 61651 | Depths:2 | Voluntarily entered the Abyss.
 61653 | Abyss:3  | Found a corrupted altar of Lugonu.
 61656 | Abyss:3  | Found a corrupted altar of Lugonu.
 61729 | Abyss:3  | Found a corrupted altar of Lugonu.
 61846 | Abyss:3  | Found a corrupted altar of Lugonu.
 61919 | Abyss:3  | Donated 1268 gold pieces to Zin
 62014 | Abyss:3  | Noticed an ancient lich
 62014 | Abyss:3  | Paralysed by accursed screaming for 1 turns
 62057 | Abyss:3  | Reached ****** piety under Zin
 62071 | Abyss:3  | Killed an ancient lich
 62080 | Depths:2 | Escaped the Abyss
 62085 | Depths:2 | Lost mutation: Your magical capacity is low. (-10% MP)
                  | [potion of mutation]
 62085 | Depths:2 | Lost mutation: You are frail. (-10% HP) [potion of
                  | mutation]
 62087 | Depths:2 | Lost mutation: You sometimes lose your temper in combat.
                  | [potion of mutation]
 62087 | Depths:2 | Lost mutation: You are vulnerable to heat. (rF-) [potion of
                  | mutation]
 62088 | Depths:2 | Lost mutation: You are dopey. (Int -2) [potion of mutation]
 62088 | Depths:2 | Lost mutation: You are vulnerable to cold. (rC-) [potion of
                  | mutation]
 62088 | Depths:2 | Lost mutation: Your body often deteriorates upon taking
                  | damage. [potion of mutation]
 62499 | D:4      | Fell from the grace of Zin
 62499 | D:4      | Became a worshipper of the Shining One
 63084 | Tomb:1   | Entered Level 1 of the Tomb of the Ancients
 63702 | Tomb:1   | Noticed a royal mummy
 63713 | Tomb:1   | Killed a royal mummy
 63827 | Tomb:1   | Reached XP level 26. HP: 147/147 MP: 36/36
 63879 | Tomb:2   | Noticed a royal mummy
 63879 | Tomb:2   | Noticed a royal mummy
 63879 | Tomb:2   | Noticed a royal mummy
 63887 | Tomb:2   | Noticed a royal mummy
 63890 | Tomb:2   | Noticed a royal mummy
 63892 | Tomb:2   | Killed a royal mummy
 63894 | Tomb:2   | Killed a royal mummy
 63955 | Tomb:2   | Killed a royal mummy
 63967 | Tomb:2   | Killed a royal mummy
 64003 | Tomb:2   | Killed a royal mummy
 64358 | Tomb:1   | Noticed a royal mummy
 64358 | Tomb:1   | Noticed a royal mummy
 64370 | Tomb:1   | Killed a royal mummy
 64376 | Tomb:1   | Killed a royal mummy
 64478 | Tomb:1   | Noticed a royal mummy
 64483 | Tomb:1   | Killed a royal mummy
 64485 | Tomb:1   | Noticed a royal mummy
 64495 | Tomb:1   | Killed a royal mummy
 64499 | Tomb:1   | Noticed a royal mummy
 64505 | Tomb:1   | Killed a royal mummy
 64567 | Tomb:1   | Noticed a royal mummy
 64573 | Tomb:1   | Noticed a royal mummy
 64576 | Tomb:1   | Killed a royal mummy
 64581 | Tomb:1   | Noticed a royal mummy
 64585 | Tomb:1   | Killed a royal mummy
 64590 | Tomb:1   | Noticed a royal mummy
 64594 | Tomb:1   | Killed a royal mummy
 64837 | Tomb:2   | Learned a level 8 spell: Maxwell's Capacitive Coupling
 64920 | Tomb:1   | Killed a royal mummy
 64951 | Tomb:1   | Noticed a royal mummy
 64960 | Tomb:1   | Killed a royal mummy
 65009 | Tomb:1   | Noticed a royal mummy
 65024 | Tomb:1   | Killed a royal mummy
 65143 | Tomb:2   | Was forgiven by Trog
 65194 | Tomb:3   | Entered Level 3 of the Tomb of the Ancients
 65210 | Tomb:3   | Identified the +2 robe "Omais" {rCorr}
 65210 | Tomb:3   | Noticed Boris
 65224 | Tomb:3   | Killed Boris
 65256 | Tomb:3   | Gained mutation: You occasionally shout uncontrollably at
                  | your foes. [mutagenic glow]
 65264 | Tomb:3   | Noticed a royal mummy
 65268 | Tomb:3   | Reached skill level 27 in Dodging
 65278 | Tomb:3   | Gained mutation: You are clumsy. (Dex -2) [mutagenic glow]
 65284 | Tomb:3   | Noticed a royal mummy
 65286 | Tomb:3   | Noticed a royal mummy
 65290 | Tomb:3   | Noticed a royal mummy
 65292 | Tomb:3   | Killed a royal mummy
 65314 | Tomb:3   | Found the +3 Elemental Staff {ele, rElec rF+ rC+ AC+3}
 65316 | Tomb:3   | Killed a royal mummy
 65326 | Tomb:3   | Killed a royal mummy
 65327 | Tomb:3   | Noticed a royal mummy
 65331 | Tomb:3   | Noticed a royal mummy
 65342 | Tomb:3   | Killed a royal mummy
 65348 | Tomb:3   | Killed a royal mummy
 65350 | Tomb:3   | Noticed a royal mummy
 65350 | Tomb:3   | Noticed Mennas
 65354 | Tomb:3   | Killed Mennas
 65378 | Tomb:3   | Killed a royal mummy
 65380 | Tomb:3   | Noticed a royal mummy
 65388 | Tomb:3   | Killed a royal mummy
 65405 | Tomb:3   | Got the Anthology of Doom and Venin
 65419 | Tomb:3   | Killed a royal mummy
 65420 | Tomb:3   | Reached XP level 27. HP: 32/156 MP: 17/36
 65554 | Tomb:3   | Identified the staff of Calculation {*Corrode rElec rF+
                  | Str+6 Fire}
 65575 | Tomb:3   | Got the Elucidation of Concoctions
 65579 | Tomb:3   | Got the Dissertation on Loathsome Support
 65645 | Tomb:3   | Got a golden rune of Zot
 65899 | Tomb:3   | Got Dooprek's Cyclopedia of Carrion
 66674 | Shoals:1 | Entered Level 1 of the Shoals
 67144 | Shoals:1 | Found Gehutat's Antique Armour Emporium.
 67532 | Shoals:2 | Found Ysmuacza's Mayhem Merchandise.
 67545 | Shoals:2 | Identified the +2 long sword of Ashenzari {elec, *Rage
                  | rElec Int+5 Stlth+}
 67705 | Shoals:2 | Found a glowing silver altar of Zin.
 68942 | Shoals:4 | Entered Level 4 of the Shoals
 68956 | Shoals:4 | Learned a level 4 spell: Manifold Assault
 69106 | Shoals:4 | Got a barnacled rune of Zot
 69712 | Slime:1  | Entered Level 1 of the Pits of Slime
 69736 | Slime:1  | Gained mutation: You have hidden genetic defects. [a
                  | shining eye]
 70035 | Slime:2  | You are sucked into a shaft and drop 2 floors!
 70358 | Slime:5  | Entered Level 5 of the Pits of Slime
 70697 | Slime:5  | Noticed the Royal Jelly
 70865 | Slime:3  | Gained mutation: Your magical capacity is low. (-10% MP) [a
                  | shining eye]
 70896 | Slime:2  | Gained mutation: You sometimes lose your temper in combat.
                  | [hidden defects]
 71358 | Slime:5  | Killed the Royal Jelly
 71708 | Slime:5  | Identified the amulet "Zitredd" {Acrobat rC+ Regen+}
 71760 | Slime:5  | Got a slimy rune of Zot
 71771 | Slime:5  | Identified the +0 plate armour "Noiczurch" {Int+3}
 72226 | Lair:5   | Lost mutation: Your body sometimes deteriorates upon taking
                  | damage. [potion of mutation]
 72226 | Lair:5   | Lost mutation: Your magical capacity is low. (-10% MP)
                  | [potion of mutation]
 72226 | Lair:5   | Gained mutation: You expend magic power (3 MP) to
                  | strengthen your wands. [potion of mutation]
 72226 | Lair:5   | Gained mutation: You have very sharp fingernails. [potion
                  | of mutation]
 72227 | Lair:5   | Lost mutation: You sometimes lose your temper in combat.
                  | [potion of mutation]
 72227 | Lair:5   | Lost mutation: You have hidden genetic defects. [potion of
                  | mutation]
 72227 | Lair:5   | Gained mutation: You frequently scream uncontrollably at
                  | your foes. [potion of mutation]
 72227 | Lair:5   | Lost mutation: Your spells are a little easier to cast, but
                  | a little less powerful. [potion of mutation]
 72227 | Lair:5   | Gained mutation: You occasionally lose the ability to read
                  | scrolls when taking damage. [potion of mutation]
 72867 | Vaults:5 | Entered Level 5 of the Vaults
 72872 | Vaults:5 | Noticed Mara
 72889 | Vaults:5 | Killed Mara
 72947 | Vaults:5 | Identified the ring of the Equinox {rC+ rCorr Int+6 Stlth+}
 72976 | Vaults:5 | Identified the +2 robe "Xetaqeell" {rElec rCorr Str+3
                  | Stlth-}
 72976 | Vaults:5 | Noticed Boris
 72985 | Vaults:5 | Killed Boris
 73033 | Vaults:5 | Noticed an ancient lich
 73041 | Vaults:5 | Killed an ancient lich
 73367 | Vaults:5 | Got a silver rune of Zot
 73566 | Vaults:5 | Identified the +1 scale mail "Itait" {rF+ Int+3}
 74423 | Hell     | Killed Geryon
 74423 | Hell     | Paralysed by a wendigo for 1 turns
 74517 | Hell     | Found a gateway to the freezing wastes of Cocytus.
 74576 | Hell     | Found a gateway to the Iron City of Dis.
 74615 | Hell     | Found a gateway to the ashen valley of Gehenna.
 74718 | Hell     | Found a gateway to the decaying netherworld of Tartarus.
 74737 | Tar:1    | Entered Level 1 of Tartarus
 74862 | Tar:2    | You fall into a shaft and drop 2 floors!
 74884 | Tar:4    | Noticed a dread lich
 74890 | Tar:4    | Killed a dread lich
 75527 | Tar:7    | Entered Level 7 of Tartarus
 75571 | Tar:7    | Noticed a dread lich
 75584 | Tar:7    | Killed a dread lich
 75673 | Tar:7    | Noticed a dread lich
 75679 | Tar:7    | Killed a dread lich
 75982 | Tar:7    | Found the +8 autumn katana {manifold assault}
 76002 | Tar:7    | Identified the ring "Xoplopt" {+Blink rC+ MP+9 Int+4}
 76039 | Tar:7    | Identified the +8 dagger "Uvobi" {freeze, rPois rC- Will+++
                  | MP-9}
 76046 | Tar:7    | Identified the +6 trident "Hezumedul" {heavy, +Blink rPois
                  | rN++ Int-4}
 76047 | Tar:7    | Identified the +6 dagger of Ogilapt {flame, rElec Int+5
                  | Stlth-}
 76091 | Tar:7    | Noticed a dread lich
 76104 | Tar:7    | Killed a dread lich
 76144 | Tar:7    | Noticed Ereshkigal
 76180 | Tar:7    | Killed Ereshkigal
 76239 | Tar:7    | Got a bone rune of Zot
 76596 | Tar:7    | Identified the +7 shortbow of the Evil Eye {freeze, rF+
                  | Str+3}
 76753 | Tar:7    | Identified the +2 leather armour of the Lotus Blossom
                  | {rElec rF+ Str+4}
 76754 | Tar:7    | Identified the +3 whip "Muafauc" {freeze, MP+9 Int+2}
 76873 | Coc:1    | Entered Level 1 of Cocytus
 76879 | Coc:1    | Reached skill level 10 in Evocations
 77606 | Dis:1    | Entered Level 1 of the Iron City of Dis
 77932 | Pan      | Entered Pandemonium
 77959 | Pan      | Reached skill level 27 in Shapeshifting
 77986 | Pan      | Noticed Majosu the pandemonium lord
 78178 | Pan      | Killed Majosu the pandemonium lord
 78189 | Pan      | Got a demonic rune of Zot
 78307 | Pan      | Reached skill level 15 in Stealth
 78949 | Pan      | Noticed Hoonegyb the pandemonium lord
 78997 | Pan      | Gained mutation: Your health recovers twice as slowly from
                  | being drained. [a cacodemon]
 79016 | Pan      | Killed Hoonegyb the pandemonium lord
 79058 | Pan      | Found an exit through the horrors of the Abyss.
 79325 | Pan      | Identified the +1 war axe "Oqygin Butu" {chaos, rF+ Dex+2}
 79697 | Pan      | Noticed Foassomie the pandemonium lord
 79706 | Pan      | Killed Foassomie the pandemonium lord
 79737 | Pan      | Identified the +8 hand cannon of the Dwarven Hall {drain,
                  | +Blink rPois rN+ Int+3}
 80219 | Pan      | Found an exit through the horrors of the Abyss.
 80279 | Pan      | Took an exit into the Abyss.
 80279 | Abyss:3  | Escaped into the Abyss
 80589 | Abyss:3  | Noticed an ancient lich
 80595 | Depths:1 | Escaped the Abyss
 80613 | Pan      | Entered Pandemonium
 80917 | Pan      | Gained mutation: You sometimes lose your temper in combat.
                  | [a cacodemon]
 80945 | Pan      | Noticed Wuipar the pandemonium lord
 80960 | Pan      | Killed Wuipar the pandemonium lord
 81355 | Pan      | Noticed Ignacio
 81366 | Pan      | Killed Ignacio
 81453 | Pan      | Noticed Ebuoc the pandemonium lord
 81492 | Pan      | Killed Ebuoc the pandemonium lord
 82027 | Pan      | Entered the realm of Cerebov.
 82453 | Pan      | Found the +6 sword of Cerebov {flame}
 82453 | Pan      | Noticed Cerebov
 83024 | Pan      | Identified the +2 robe of an ossuary {rPois Will++ rCorr
                  | Int-4}
 83348 | Pan      | Killed Cerebov
 83424 | Pan      | Identified the +3 triple crossbow of Hutijiob {flame,
                  | ^Fragile Int+4 Dex+5}
 83467 | Pan      | Identified the quicksilver dragon scales of the Journeyman
                  | {Will+ Regen+}
 83500 | Pan      | Got a fiery rune of Zot
 83556 | Pan      | Got the Encyclopedia of Iniquitous Liturgies
 83571 | Pan      | Learned a level 8 spell: Ignition
 83676 | Pan      | Entered the realm of Gloorx Vloq.
 83954 | Pan      | Noticed Gloorx Vloq
 83968 | Pan      | Killed Gloorx Vloq
 84067 | Pan      | Got a dark rune of Zot
 84318 | Pan      | Noticed Noul the pandemonium lord
 84326 | Pan      | Killed Noul the pandemonium lord
 84426 | Pan      | Identified the +0 ring mail of Sauquol {rElec Str+4}
 84545 | Pan      | Identified the +0 great mace "Ulilin" {freeze, rPois}
 84803 | Pan      | Noticed Zuel Tuxt the pandemonium lord
 84804 | Pan      | Found an exit through the horrors of the Abyss.
 84810 | Pan      | Killed Zuel Tuxt the pandemonium lord
 84855 | Pan      | Entered the realm of Lom Lobon.
 85082 | Pan      | Noticed Lom Lobon
 85099 | Pan      | Identified the +0 tower shield "Cuuseint" {Harm rPois
                  | Dex-3}
 85107 | Pan      | Killed Lom Lobon
 85147 | Pan      | Got a magical rune of Zot
 85559 | Pan      | Acquired a manual of Necromancy
 85894 | Pan      | Noticed Cilifepi the pandemonium lord
 85906 | Pan      | Killed Cilifepi the pandemonium lord
 85927 | Pan      | Gained mutation: You do not regenerate when monsters are
                  | visible. [a neqoxec]
 85987 | Pan      | Reached skill level 27 in Fighting
 86002 | Pan      | Entered the realm of Mnoleg.
 86027 | Pan      | Gained mutation: You sometimes lose the ability to read
                  | scrolls when taking damage. [a cacodemon]
 86028 | Pan      | Paralysed by a Zot trap for 5 turns
 86033 | Pan      | Mangled by a deep elf blademaster
 86033 | Pan      | Lost a life (1 life remaining)
 86101 | Pan      | Reached skill level 15 in Evocations
 86104 | Pan      | Gained mutation: You occasionally lose the ability to drink
                  | potions when taking damage. [a cacodemon]
 86216 | Pan      | Gained mutation: Your magical capacity is low. (-10% MP) [a
                  | cacodemon]
 86229 | Pan      | Noticed Mnoleg
 86245 | Pan      | Killed Mnoleg
 86245 | Pan      | Gained mutation: You are very clumsy. (Dex -4) [a
                  | cacodemon]
 86292 | Pan      | Gained mutation: You are weak. (Str -2) [a neqoxec]
 86304 | Pan      | Lost mutation: You sometimes lose your temper in combat.
                  | [potion of mutation]
 86304 | Pan      | Lost mutation: You frequently scream uncontrollably at your
                  | foes. [potion of mutation]
 86304 | Pan      | Lost mutation: You do not regenerate when monsters are
                  | visible. [potion of mutation]
 86304 | Pan      | Lost mutation: You occasionally shout uncontrollably at
                  | your foes. [potion of mutation]
 86304 | Pan      | Gained mutation: You are somewhat resistant to further
                  | mutation. [potion of mutation]
 86305 | Pan      | Lost mutation: Your magical capacity is low. (-10% MP)
                  | [potion of mutation]
 86305 | Pan      | Lost mutation: You are very clumsy. (Dex -4) [potion of
                  | mutation]
 86305 | Pan      | Lost mutation: You are somewhat resistant to further
                  | mutation. [potion of mutation]
 86305 | Pan      | Gained mutation: Your flesh is cold resistant. (rC+)
                  | [potion of mutation]
 86305 | Pan      | Lost mutation: You sometimes lose the ability to read
                  | scrolls when taking damage. [potion of mutation]
 86305 | Pan      | Lost mutation: You expend magic power (3 MP) to strengthen
                  | your wands. [potion of mutation]
 86305 | Pan      | Gained mutation: You have a pair of small antennae on your
                  | head. [potion of mutation]
 86615 | Pan      | Found an exit through the horrors of the Abyss.
 86703 | Pan      | Gained mutation: You are occasionally teleported next to
                  | monsters. [a cacodemon]
 86767 | Pan      | Gained mutation: You are very clumsy. (Dex -4) [a
                  | cacodemon]
 86838 | Pan      | Got a glowing rune of Zot
 86902 | Pan      | Gained mutation: You are dopey. (Int -2) [a cacodemon]
 87001 | Pan      | Reached skill level 1 in Spellcasting
 87451 | Pan      | Noticed Ockoseil the pandemonium lord
 87469 | Pan      | Killed Ockoseil the pandemonium lord
 87508 | Pan      | Reached skill level 5 in Spellcasting
 87513 | Pan      | Found a runed translucent door.
 87957 | Pan      | Noticed Roqam the pandemonium lord
 87971 | Pan      | Killed Roqam the pandemonium lord
 88188 | Pan      | Noticed Ymoaxtal the pandemonium lord
 88192 | Pan      | Killed Ymoaxtal the pandemonium lord
 88449 | Pan      | Noticed Ceujidec the pandemonium lord
 88456 | Pan      | Killed Ceujidec the pandemonium lord
 88618 | Pan      | Found an exit through the horrors of the Abyss.
 88839 | Pan      | Took an exit into the Abyss.
 88839 | Abyss:3  | Escaped into the Abyss
 88839 | Abyss:3  | Found a corrupted altar of Lugonu.
 88864 | Depths:1 | Escaped the Abyss
 89037 | Dis:2    | Gained a life (2 lives remaining)
 89229 | Dis:3    | Noticed an ancient lich
 89236 | Dis:3    | Killed an ancient lich
 89261 | Dis:3    | Noticed an ancient lich
 89271 | Dis:3    | Killed an ancient lich
 89404 | Dis:3    | Noticed a juggernaut
 89409 | Dis:3    | Killed a juggernaut
 89882 | Dis:4    | You fall into a shaft and drop 2 floors!
 89976 | Dis:6    | Reached skill level 27 in Stealth
 90285 | Dis:7    | Entered Level 7 of the Iron City of Dis
 90458 | Dis:7    | Noticed a juggernaut
 90466 | Dis:7    | Killed a juggernaut
 90533 | Dis:7    | Reached skill level 10 in Spellcasting
 90574 | Dis:7    | Noticed a juggernaut
 90580 | Dis:7    | Killed a juggernaut
 90586 | Dis:7    | Noticed a juggernaut
 91495 | Dis:7    | Killed a juggernaut
 91496 | Dis:7    | Reached skill level 27 in Invocations
 91599 | Dis:7    | Noticed Dispater
 91626 | Dis:7    | Killed Dispater
 91685 | Dis:7    | Got an iron rune of Zot
 91686 | Dis:7    | Identified the +9 rapier "Lifebane" {drain, rElec}
 91858 | Geh:1    | Entered Level 1 of Gehenna
 92263 | Geh:3    | Noticed a dread lich
 92269 | Geh:3    | Killed a dread lich
 92320 | Geh:4    | Slain by a searing wretch
 92320 | Geh:4    | Lost a life (1 life remaining)
 92590 | Geh:5    | Noticed a dread lich
 92601 | Geh:5    | Killed a dread lich
 93287 | Geh:7    | Entered Level 7 of Gehenna
 93501 | Geh:7    | Reached skill level 15 in Spellcasting
 93965 | Geh:7    | Identified the +7 rapier of Siqaq {freeze, Str+3}
 93984 | Geh:7    | Found the +13 sceptre of Asmodeus
 93984 | Geh:7    | Noticed Asmodeus
 93984 | Geh:7    | Noticed the Serpent of Hell
 94000 | Geh:7    | Killed Asmodeus
 94004 | Geh:7    | Killed from afar by a quicksilver dragon
 94004 | Geh:7    | Lost a life (0 lives remaining)
 94332 | Geh:7    | Killed the Serpent of Hell
 94352 | Geh:7    | Identified the flux talisman "Afameinn" {Slay+3}
 94380 | Geh:7    | Got an obsidian rune of Zot
 94637 | Coc:3    | Paralysed by a wendigo for 1 turns
 94802 | Zot:1    | Entered Level 1 of the Realm of Zot
 95723 | Zot:2    | Gained a life (1 life remaining)
 96923 | Zot:4    | Noticed an orb of fire
 96967 | Zot:4    | Killed an orb of fire
 97720 | Zot:5    | Entered Level 5 of the Realm of Zot
 97730 | Zot:5    | Found the +4 dragonskin cloak
 97730 | Zot:5    | Noticed Tiamat
 97759 | Zot:5    | Killed Tiamat
 97826 | Zot:5    | Noticed an orb of fire
 97826 | Zot:5    | Noticed a dread lich
 97826 | Zot:5    | Noticed an ancient lich
 97830 | Zot:5    | Gained mutation: Your magical capacity is low. (-10% MP)
                  | [an orb of fire]
 97831 | Zot:5    | Killed an orb of fire
 97844 | Zot:5    | Noticed a dread lich
 97858 | Zot:5    | Noticed an orb of fire
 97858 | Zot:5    | Noticed an orb of fire
 97858 | Zot:5    | Noticed an orb of fire
 97858 | Zot:5    | Noticed an orb of fire
 97858 | Zot:5    | Gained mutation: You are frail. (-10% HP) [an orb of fire]
 97859 | Zot:5    | Killed from afar by an orb of fire
 97859 | Zot:5    | Lost a life (0 lives remaining)
 98738 | D:2      | Fell from the grace of the Shining One
 98738 | D:2      | Became a worshipper of Makhleb the Destroyer
 99168 | Depths:2 | Voluntarily entered the Abyss.
 99372 | Depths:2 | Escaped the Abyss
 99428 | Pan      | Entered Pandemonium
 99438 | Pan      | Found an exit through the horrors of the Abyss.
 99640 | Pan      | Found a huge runed translucent gate.
 99642 | Pan      | Found a huge runed translucent gate.
 99649 | Pan      | Found a huge runed translucent gate.
 99649 | Pan      | Found a huge runed translucent gate.
 99652 | Pan      | Found a huge runed translucent gate.
 99673 | Pan      | Reached * piety under Makhleb
 99675 | Pan      | Found a huge runed translucent gate.
 99675 | Pan      | Found a huge runed translucent gate.
 99677 | Pan      | Noticed Zahec the pandemonium lord
100235 | Pan      | Took an exit into the Abyss.
100235 | Abyss:3  | Escaped into the Abyss
100247 | Abyss:3  | Found a corrupted altar of Lugonu.
100351 | Abyss:3  | Killed an ancient lich
100375 | Abyss:3  | Paralysed by an apocalypse crab for 1 turns
100379 | Abyss:3  | Paralysed by an apocalypse crab for 1 turns
100410 | Abyss:3  | Reached ** piety under Makhleb
100451 | Depths:2 | Escaped the Abyss
100706 | Zot:5    | Killed an orb of fire
101102 | Zot:5    | Killed an ancient lich
101113 | Zot:5    | Killed an orb of fire
101134 | Zot:5    | Acquired the ring "Acurab" {AC+4 Dex+6}
101221 | Zig:1    | Entered Level 1 of a ziggurat
101231 | Zig:2    | Entered Level 2 of a ziggurat
101247 | Zig:3    | Entered Level 3 of a ziggurat
101247 | Zig:3    | Noticed an orb of fire
101252 | Zig:3    | Killed an orb of fire
101252 | Zig:3    | Reached *** piety under Makhleb
101270 | Zig:4    | Entered Level 4 of a ziggurat
101333 | Zig:4    | Lost mutation: You have very sharp fingernails. [the wrath
                  | of Zin]
101333 | Zig:4    | Lost mutation: You have a pair of small antennae on your
                  | head. [the wrath of Zin]
101333 | Zig:4    | Lost mutation: Your flesh is cold resistant. (rC+) [the
                  | wrath of Zin]
101338 | Zig:5    | Entered Level 5 of a ziggurat
101425 | Zig:6    | Entered Level 6 of a ziggurat
101601 | Zot:5    | Got the Orb of Zot
101762 | Zot:3    | Reached skill level 27 in Evocations
101762 | Zot:3    | Gained a life (1 life remaining)
101946 | D:13     | Reached **** piety under Makhleb
102283 | D:3      | Noticed Laakhlej the pandemonium lord
102341 | D:$      | Escaped with the Orb!

Illustrated notes

Levels and vault maps discovered:
D:1:      matt_arrival_refuge, layout_basic
D:2:      cheibrodos_fertilizer, layout_loops_ring,
          dreamdust_ecumenical_altar_angels_and_demons, uniq_natasha,
          uniq_sigmund
D:3:      cheibrodos_thug_alley, layout_basic, mainiacjoe_overflow_alcove_1,
          serial_shops, shop, gup_sewer_entry_bowl, saegor_snake_ambush,
          uniq_crazy_yiuf_cottage
D:4:      layout_gridville, nicolae_tso_carved_into_rock
D:5:      minmay_spotlight, layout_rooms, grunt_temple_overflow_open,
          uniq_edmund, uniq_duvessa
D:6:      layout_basic, kennysheep_flooded_box, chequers_serial_rivers_small_3,
          minmay_misc_feat_tiny, minmay_unpleasant_kobolds
D:7:      layout_basic, mainiacjoe_overflow_cross_hatched,
          minmay_temple_entry_trees
D:8:      layout_basic, mainiacjoe_overflow_alcove_4, mainiacjoe_overflow_paths,
          due_lair_maze_entry_diamond, enter_bailey_2,
          hangedman_abyss_or_decor_passed, nicolae_water_bricks, uniq_jeremiah
D:9:      layout_basic
D:10:     layout_long_grid, minmay_st_funbox
D:11:     layout_layer_cave, kennysheep_orc_monster_closet_entryway,
          st_stairs_11, uniq_sonja
D:12:     layout_basic
D:13:     hellmonk_destroyed_diamonds, layout_basic, david_vaults_1
D:14:     layout_basic, serial_shops, kennysheep_mini_moat, cheibriados_altar_1
D:15:     hangedman_slaughterboxes
Lair:1:   layout_long_grid, portal_ice_cave_entry_ice_simulacra
Lair:2:   layout_gridlike, gauntlet_entry_generic, uniq_harold
Lair:3:   layout_cave_pods, minmay_shoals_entry_centaurs,
          hellmonk_spider_entry_not_the_bees, uniq_urug
Lair:4:   layout_roguey [special_room_mythical_zoo], uniq_nessos, uniq_rupert
Lair:5:   hangedman_lair_in_review, layout_regular_city, slime_entry_1,
          nicolae_lair_grove_arrangements, lemuel_fruit_tree
Shoals:1: layout_shoals, serial_shops, shop, st_shoals_ruin
Shoals:2: layout_shoals, minmay_shop_mayhem, lemuel_altar_in_water2
Shoals:3: layout_shoals
Shoals:4: shoals_end_grunt_garden, layout_shoals, nicolae_shoals_drake_roost
Spider:1: layout_spider_delve, nicolae_spider_jagged_tunnels
Spider:2: layout_cave_pods, nicolae_spider_scorpion_nest
Spider:3: layout_cave_pods, nicolae_spider_webbed_stairs
Spider:4: spider_rune_water
Slime:1:  layout_caves
Slime:2:  nicolae_slime_spelunking
Slime:3:  layout_caves
Slime:4:  cheibrodos_slime_lost_civilization_9, layout_caves,
          nicolae_slime_barrier
Slime:5:  slime_pit
Orc:1:    layout_diamond_mine, serial_shops, shop, kennysheep_orc_chapel
Orc:2:    pubby_orc_utopia
Elf:1:    eino_elf_arrival_the_gate, layout_geoelf_diagonals,
          minmay_elf_annihilation
Elf:2:    nicolae_elf_blades_splatter_lattice [mumra_blade_entry_dagger],
          layout_onion_city, basic_altar, serial_shops, shop, solitary_fountain,
          minivault_20
Elf:3:    grunt_elf_hall_diamonds, layout_geoelf_castle
Vaults:1: portal_desolation_entry_twin_temple, nicolae_vaults_storage_closets_3,
          vaults_dpeg_ring, v_alt_pattern_5, v_misc_11, vaults_mumra_lcd,
          nicolae_vaults_shelves_hall, nicolae_vaults_little_squares_1,
          layout_vaults_omnigrid
Vaults:2: minmay_crypt_entry_nasty_monster, nicolae_vaults_shelves_hall,
          nicolae_vaults_wine_cellar, nicolae_vaults_sightless_eye,
          nicolae_vaults_diagonal_hallway_8, nicolae_vaults_two_Ls,
          nicolae_vaults_layer_cake_slice, vaults_dpeg_hooks,
          layout_vaults_chaotic_city, serial_shops, nicolae_book_shop_shelving,
          uniq_bai_suzhen
Vaults:3: nicolae_vaults_tetromino_L_2, nicolae_vaults_trapezoid_lopsided_3,
          vaults_room_grunt_arrival_checkpoint, nicolae_vaults_puzzle_piece,
          nicolae_vaults_yaktaur_gun_rack, v_pattern_2,
          ontoclasm_vaults_loading_screen, nicolae_vaults_heart-shaped_vault,
          layout_vaults_omnibox
Vaults:4: hangedman_vaults_stitches, v_misc_24, hangedman_vaults_nails,
          grunt_vaults_focal, nicolae_vaults_trapezoid_lopsided_2,
          vaults_mumra_minichess_inversion, nicolae_vaults_network_periphery,
          dpeg_vaults_monster_row, v_misc_2, layout_vaults_maze, serial_shops,
          shop, nicolae_shop_bloodbath_and_beyond
Vaults:5: uniq_mara
Crypt:1:  layout_gridlike, gammafunk_ghost_necromancy,
          nicolae_crypt_fancy_cubbyholes, uniq_zenata
Crypt:2:  layout_gridlike, roderic_lattice_octagonal_star,
          lemuel_upstairs_altar, uniq_josephina
Crypt:3:  quadcrypt_mu
Tomb:1
Tomb:2
Tomb:3:   uniq_mennas
Depths:1: layout_cave_shapes, chequers_serial_rivers_small_a, hell_entry,
          serial_shops, bzr_firewalk, pan_entry, hangedman_aerie_drop
Depths:2: dreamdust_merry_men, layout_honeycomb, abyss_entry, pan_entry,
          fedhas_altar_3, hell_entry, serial_bayou_shore_b, uniq_nikola
Depths:3: minmay_quantized_circle, layout_cave_shapes, hell_entry,
          abyss_entry_small_statue_room, minmay_staircase_bubble, uniq_grunn
Depths:4: grunt_zot_entry_pinwheel, layout_cross, enter_ziggurat_c,
          grunt_hell_horde, abyss_entry, minivault_14, uniq_xtahua, uniq_boris,
          uniq_sojobo, uniq_enchantress
Hell
Dis:1:    layout_jigsaw, hangedman_dis_decor_tower
Dis:2:    layout_overlapping_boxes
Dis:3:    hangedman_iron_city_apartments
Dis:4:    layout_subdivisions
Dis:6:    layout_subdivisions, nicolae_dis_big_boring_drill
Dis:7:    dis_grunt_layers
Geh:1:    layout_gehenna_pools_box, hangedman_elemental_grid_stream
Geh:2:    layout_gehenna_pools_basic, minmay_fire_ice_demons
Geh:3:    layout_gehenna_pools_triple
Geh:4:    layout_gehenna_lava_caves
Geh:5:    layout_gehenna_pools_basic, nicolae_geh_gnashing_of_teeth
Geh:6:    layout_gehenna_pools_triple
Geh:7:    geh_old
Coc:1:    layout_ice_bergs
Coc:2:    layout_ice_bergs, nicolae_hells_hurtin_island
Coc:3:    layout_cocytus_delve
Tar:1:    layout_grid_maze
Tar:2:    layout_honeycomb, lemuel_nasty_pond
Tar:4:    layout_honeycomb, tekkud_tar_snaking_path
Tar:5:    layout_grid_maze
Tar:6:    layout_cathedral_of_symmetry
Tar:7:    tar_old
Zot:1:    layout_misc_corridors, hangedman_zot_diagonal_lockstep,
          grunt_ministairs_4, regret_index_zotdec_icy_dp,
          st_single_dragon_hoard_1
Zot:2:    layout_basic, grunt_megastairs_2
Zot:3:    layout_cathedral_of_symmetry
Zot:4:    layout_basic, skrybe_zot_glass_1, regret_index_zotdec_ceiling_fans
Zot:5:    layout_basic, bh_zot_lava_cross, st_stairs_5, uniq_tiamat

Skill      XL: |  1  2  3  4  5  6  7  8  9 10 11 12 13 14 15 16 17 18 19 20 21 22 23 24 25 26 27 |
---------------+----------------------------------------------------------------------------------+-----
Fighting       | 4 5 6 7 8 12 18 19 27 | 27.0
Dodging        | 5 6 7 8 10 11 13 14 16 17 19 23 27 | 27.0
Unarmed Combat | 4 5 6 7 9 10 12 13 14 16 18 20 23 26 27 | 27.0
Stealth        | 1 3 4 5 6 7 8 9 11 13 14 27 | 27.0
Shapeshifting  | 1 3 4 5 6 8 10 11 12 14 17 18 19 20 22 23 27 | 27.0
Evocations     | 2 4 7 8 9 27 | 27.0
Invocations    | 4 15 16 27 | 27.0
Spellcasting   | 21 | 21.2

Action                     |  1- 3 |  4- 6 |  7- 9 | 10-12 | 13-15 | 16-18 | 19-21 | 22-24 | 25-27 || total
---------------------------+-------+-------+-------+-------+-------+-------+-------+-------+-------++-------
  Melee: Unarmed           |    30 |   171 |   358 |   914 |  1308 |  1284 |  1149 |  1485 |  6020 || 12719
         Punch             |     1 |     2 |    17 |    34 |   128 |   204 |   192 |   282 |  1480 ||  2340
         Bite              |     2 |    15 |    46 |   146 |   228 |   204 |   191 |   206 |   800 ||  1838
         Maw               |       |       |       |       |   404 |   291 |       |       |       ||   695
 Invoke: Berserk           |     2 |     5 |    21 |    24 |    36 |    18 |     8 |       |       ||   114
         Trog's Hand       |       |     2 |     8 |    24 |    34 |    20 |    11 |     7 |       ||   106
         Brothers in Arms  |       |       |       |       |     4 |     1 |     8 |     3 |       ||    16
         Cleansing Flame   |       |       |       |       |       |       |       |    16 |   133 ||   149
         Divine Shield     |       |       |       |       |       |       |       |     3 |    41 ||    44
         Summon Divine War |       |       |       |       |       |       |       |       |    27 ||    27
         Donate Gold       |       |       |       |       |       |       |       |       |     1 ||     1
Ability: Begin Untransform |       |       |       |       |       |       |       |       |     2 ||     2
  Evoke: Wand              |       |       |       |    23 |     4 |     9 |     2 |     1 |    11 ||    50
         Sack of spiders   |       |       |       |       |       |     1 |       |     2 |     1 ||     4
         Figurine of a zig |       |       |       |       |       |       |       |       |     1 ||     1
    Use: Scroll            |       |     4 |    14 |    10 |     3 |    10 |     5 |     4 |    19 ||    69
         Potion            |       |       |       |     2 |     5 |     7 |       |     1 |    41 ||    56
   Stab: Sleeping          |       |     8 |    10 |     4 |    13 |    32 |    20 |    40 |     4 ||   131
         Distracted        |       |     1 |     1 |     2 |     2 |    10 |    17 |     2 |    12 ||    47
         Petrified         |       |       |       |       |     1 |     1 |       |       |       ||     2
         Petrifying        |       |       |       |       |       |     1 |       |       |       ||     1
 Armour: Skin              |     6 |    41 |    89 |   179 |   352 |   422 |   531 |   441 |  2037 ||  4098
  Dodge: Dodged            |    22 |   140 |   346 |   892 |  1437 |  1980 |  2065 |  2421 | 10691 || 19994
  Block: Other             |       |       |       |       |       |    33 |    69 |   316 |   690 ||  1108
   Form: Flux              |       |       |       |     1 |       |       |       |       |       ||     1
         Maw               |       |       |       |       |     1 |       |       |       |       ||     1
         Statue            |       |       |       |       |       |     1 |     2 |       |     6 ||     9
                           |       |       |       |       |       |       |     1 |       |       ||     1
         Storm             |       |       |       |       |       |       |     1 |       |     6 ||     7

Table legend: (Time is in decaauts)
 A = Elapsed time spent in this place.
 B = Non-inter-level travel time spent in this place.
 C = Inter-level travel time spent in this place.
 D = Time resting spent in this place.
 E = Time spent auto-exploring this place.
 F = Levels seen in this place.
 G = Mean time per level.
                   A        B        C        D        E       F      G
               +--------+--------+--------+--------+--------+-----+--------+
         Total | 121389 | 107744 |  13645 |  11831 |  63444 | 121 | 1003.2 |
       Dungeon |  23778 |  17557 |   6221 |   3189 |  10036 |  15 | 1585.2 |
          Lair |   6891 |   5936 |    955 |   1055 |   3448 |   5 | 1378.2 |
        Shoals |   2826 |   2688 |    138 |      0 |   1958 |   4 |  706.5 |
   Spider Nest |   6938 |   6687 |    251 |   1008 |   4045 |   4 | 1734.5 |
    Slime Pits |   2410 |   2290 |    120 |    414 |   1363 |   5 |  482.0 |
  Orcish Mines |   4471 |   3919 |    552 |    648 |   2095 |   2 | 2235.5 |
   Elven Halls |   4783 |   4347 |    436 |    385 |   2584 |   3 | 1594.3 |
        Vaults |   9895 |   9179 |    716 |    757 |   6414 |   5 | 1979.0 |
         Crypt |   5886 |   4924 |    962 |    226 |   3842 |   3 | 1962.0 |
          Tomb |   4207 |   3633 |    574 |    381 |   1970 |   3 | 1402.3 |
        Depths |   7666 |   6634 |   1032 |    473 |   4708 |   4 | 1916.5 |
          Hell |   1510 |   1128 |    382 |    426 |    346 |   1 | 1510.0 |
           Dis |   4135 |   3988 |    147 |    934 |   1785 |   6 |  689.2 |
       Gehenna |   3637 |   3300 |    337 |    141 |   2065 |   7 |  519.6 |
       Cocytus |    752 |    633 |    119 |      0 |    376 |   3 |  250.7 |
      Tartarus |   2762 |   2480 |    282 |     87 |   1642 |   6 |  460.3 |
           Zot |   4174 |   3760 |    414 |    144 |   2601 |   5 |  834.8 |
         Abyss |   5517 |   5517 |      0 |    229 |   2061 |   9 |  613.0 |
   Pandemonium |  14636 |  14636 |      0 |    646 |   8254 |  20 |  731.8 |
      Ziggurat |    311 |    311 |      0 |    100 |     42 |   6 |   51.8 |
        Bazaar |    295 |    295 |      0 |      0 |    103 |   1 |  295.0 |
        Bailey |    984 |    984 |      0 |    178 |    316 |   1 |  984.0 |
      Ice Cave |   1063 |   1063 |      0 |    122 |    629 |   1 | 1063.0 |
    Desolation |   1439 |   1439 |      0 |    158 |    726 |   1 | 1439.0 |
      Gauntlet |    413 |    413 |      0 |    122 |     30 |   1 |  413.0 |
               +--------+--------+--------+--------+--------+-----+--------+

Top non-repeatable levels by time:
    D:15: 4346 daAuts
 Abyss:3: 4247 daAuts
   Orc:2: 3432 daAuts
 Crypt:3: 2630 daAuts
Vaults:1: 2537 daAuts
Vaults:2: 2494 daAuts
Spider:4: 2427 daAuts
Vaults:4: 2240 daAuts
Depths:2: 2227 daAuts
  Tomb:1: 2171 daAuts
    D:11: 2149 daAuts
Spider:2: 2059 daAuts
   Dis:7: 2018 daAuts
    D:13: 2007 daAuts
Depths:3: 1981 daAuts
